 Dungeon Crawl Stone Soup version 0.17.2-1-ge4368a0 (webtiles) character file.

12862220 jazmu the Invulnerable (level 27, 174/174 HPs)
             Began as a Gargoyle Skald on Oct 11, 2016.
             Was the Champion of the Shining One.
             Escaped with the Orb
             ... and 15 runes on Oct 13, 2016!
             The game lasted 09:57:42 (126305 turns).

jazmu the Invulnerable (Gargoyle Skald)           Turns: 126305, Time: 09:57:42

Health: 174/174    AC: 67    Str: 37    XL:     27
Magic:  40/40      EV: 28    Int: 20    God:    the Shining One [******]
Gold:   15685      SH: 25    Dex: 12    Spells: 1 memorised, 29 levels left

rFire  + + .     SeeInvis .     t - +9 eveningstar (holy)
rCold  + + +     Clarity  .     N - +9 plate armour "Cezovex" {rC++ rN+ Slay+3}
rNeg   + + +     SustAt   .     J - +5 shield {reflect}
rPois  ∞         Gourm    .     X - +0 helmet of Incorporation {MR+}
rElec  +         Spirit   .     r - +5 cloak of Escha {+Fly rF++ Int+6}
rCorr  .         Warding  .     l - +2 pair of gloves {Str+3}
rMut   .         Rnd*Tele +     f - +0 pair of boots of Xuafaip {Str+7}
MR     +++..                    Z - amulet of Vitality {Regen+ HP+15}
Stlth  ..........               e - ring "Josianlan" {rC+ Str+3 Int+4 Dex+3 Slay+3}
                                U - ring "Tedum Okhle" {rC+ EV+6}

@: flying, very slightly contaminated, glowing, studying Crossbows, extremely
resistant to hostile enchantments, extremely unstealthy
A: big wings, hooves 1, icy blue scales 1, thin metallic scales 1, yellow scales
1, blurry vision 3, deformed body, deterioration 1, dopey 2, frail 2, negative
energy resistance 1, electricity resistance, slow regeneration 1, teleportitis
1, weak 2, unbreathing, petrification resistance, rot immunity, MP-powered
wands, AC +20
a: Stop Flying, Divine Shield, Cleansing Flame, Summon Divine Warrior, Renounce
Religion
0: Orb of Zot
}: 15/15 runes: serpentine, barnacled, slimy, silver, golden, iron, obsidian,
icy, bone, abyssal, demonic, glowing, magical, fiery, dark


You escaped.
You worshipped the Shining One.
The Shining One was exalted by your worship.
You were not hungry.

You visited 18 branches of the dungeon, and saw 95 of its levels.
You visited Pandemonium 1 time, and saw 23 of its levels.
You visited the Abyss 3 times.
You visited 2 ziggurats, and saw 28 of their levels (deepest: 14).
You also visited: Labyrinth, Ossuary, Bailey and Ice Cave.

You collected 17831 gold pieces.
You spent 2146 gold pieces at shops.

Inventory:

Hand Weapons
 t - a +9 eveningstar of holy wrath (weapon)
   (You took it off Maud on level 13 of the Dungeon)
 u - the +6 Sword of Cerebov {flame}
   (You took it off Cerebov in Pandemonium)

   It has been specially enchanted to burn those struck by it, causing extra
   injury to most foes and up to half again as much damage against particularly
   susceptible opponents.
   Big, fiery blades are also staple armaments of hydra-hunters.
   The Shining One disapproves of the use of such an item.
Armour
 f - the +0 pair of boots of Xuafaip (worn) {Str+7}
   (Okawaru gifted it to you on level 14 of the Dungeon)

   It affects your strength (+7).
 l - a +2 pair of gloves of strength (worn)
   (Okawaru gifted it to you on level 5 of the Lair of Beasts)
 r - the +5 cloak of Escha (worn) {+Fly rF++ Int+6}
   (Okawaru gifted it to you on level 2 of the Lair of Beasts)

   It affects your intelligence (+6).
   It greatly protects you from fire.
   It lets you fly.
 J - a +5 shield of reflection (worn)
   (You took it off Donald on level 3 of the Orcish Mines)
 N - the +9 plate armour "Cezovex" (worn) {rC++ rN+ Slay+3}
   (You found it on level 6 of the Pits of Slime)

   It affects your accuracy and damage with ranged weapons and melee attacks
   (+3).
   It greatly protects you from cold.
   It protects you from negative energy.
 X - the +0 helmet of Incorporation (worn) {MR+}
   (You found it on level 4 of the Shoals)

   It affects your resistance to hostile enchantments.
Jewellery
 b - the ring of Zepraup {rPois EV+5 Str+7}
   (You took it off a tengu reaver on level 5 of the Vaults)

   [ring of evasion]

   It affects your evasion (+5).
   It affects your strength (+7).
   It protects you from poison.
 d - the ring "Qoepn" {+Blink +Inv}
   (You found it on level 1 of the Abyss)

   [ring of invisibility]

   It lets you turn invisible.
   It lets you blink.
 e - the ring "Josianlan" (right hand) {rC+ Str+3 Int+4 Dex+3 Slay+3}
   (You found it on level 12 of a ziggurat)

   [ring of dexterity]

   It affects your strength (+3).
   It affects your intelligence (+4).
   It affects your dexterity (+3).
   It affects your accuracy and damage with ranged weapons and melee attacks
   (+3).
   It protects you from cold.
 k - an uncursed amulet of clarity {Clar, !d}
   (You acquired it in Pandemonium)
 p - the amulet "Teteug" {Inacc -Tele rPois rC+ Dex+7}
   (You found it in Pandemonium)

   [amulet of inaccuracy]

   It reduces the accuracy of all your attacks.
   It affects your dexterity (+7).
   It protects you from cold.
   It protects you from poison.
   It prevents most forms of teleportation.
 A - an uncursed amulet of resist mutation {rMut, !d}
   (You acquired it in Pandemonium)
 C - an uncursed amulet of stasis {Stasis, !d}
   (You took it off a vampire knight on level 4 of the Depths)
 G - the ring of Joju {*Drain Str+6 SInv}
   (You found it on level 4 of a ziggurat)

   [ring of see invisible]

   It affects your strength (+6).
   It lets you see invisible.
   It causes draining when unequipped.
 L - an uncursed ring of protection from cold {rC+, !d}
   (You acquired it in Pandemonium)
 M - an uncursed amulet of resist corrosion {rCorr, !d}
   (You found it on level 4 of the Shoals)
 O - the ring of Colotz {rPois rF- rN+ Str+2}
   (You found it in Pandemonium)

   [ring of positive energy]

   It affects your strength (+2).
   It makes you vulnerable to fire.
   It protects you from poison.
   It protects you from negative energy.
 Q - the ring of the Peculiar Wishes {MR+ Int-4 Dex+3 SInv}
   (You found it on level 6 of a ziggurat)

   [ring of see invisible]

   It affects your intelligence (-4).
   It affects your dexterity (+3).
   It affects your resistance to hostile enchantments.
   It lets you see invisible.
 U - the ring "Tedum Okhle" (left hand) {rC+ EV+6}
   (You found it on level 7 of Gehenna)

   [ring of evasion]

   It affects your evasion (+6).
   It protects you from cold.
 V - the amulet of Fixation {rElec rF+ rC+ Regen+}
   (You found it on level 3 of the Tomb of the Ancients)

   [amulet of regeneration]

   It protects you from fire.
   It protects you from cold.
   It insulates you from electricity.
   It increases your rate of regeneration.
 Z - the amulet of Vitality (around neck) {Regen+ HP+15}
   (You found it on level 7 of the Iron City of Dis)

   [amulet of regeneration]

   It affects your health (+15).
   It increases your rate of regeneration.
Wands
 j - a wand of hasting (1)
   (You found it on level 7 of the Lair of Beasts)
 o - a wand of heal wounds (0)
   (You found it on level 11 of a ziggurat)
 s - a wand of digging (8)
   (You found it on level 2 of the Crypt)
 T - a wand of disintegration (9)
   (You found it on level 3 of the Vaults)
 W - a wand of hasting (0)
   (You found it in Pandemonium)
 Y - a wand of teleportation (2)
   (You took it off a vault sentinel on level 5 of the Vaults)
Scrolls
 a - 6 scrolls of blinking {!r}
 c - 7 scrolls of magic mapping {!r}
 i - 2 scrolls of enchant armour
 m - 24 scrolls of fog
 n - 6 scrolls of holy word {!r}
 w - 5 scrolls of summoning
 x - 17 scrolls of identify
 E - 25 scrolls of teleportation
 I - 39 scrolls of remove curse
 K - 8 scrolls of recharging
 S - 16 scrolls of fear
Potions
 h - 7 potions of might
 v - 2 potions of brilliance
 z - 2 potions of heal wounds
 B - 13 potions of curing
 F - a potion of haste
 H - 9 potions of resistance
 P - 2 potions of beneficial mutation
 R - 5 potions of agility
Books
 D - a manual of Crossbows {!d}
   (You found it on level 13 of a ziggurat)
Miscellaneous
 y - a legendary deck of wonders {the Alchemist}
   (You found it on level 6 of the Pits of Slime)
Comestibles
 g - 18 bread rations {@e1}
 q - 19 meat rations {@e2}


   Skills:
 O Level 27 Fighting
   Level 12.4(20.3) Axes
 O Level 27 Maces & Flails
 O Level 27 Armour
 O Level 27 Dodging
 O Level 27 Shields
 - Level 2.0 Spellcasting
 - Level 2.6 Charms
 + Level 22.6 Invocations
 O Level 27 Evocations


You had 29 spell levels left.
You knew the following spells:

 Your Spells              Type           Power        Failure   Level  Hunger
a - Infusion              Chrm           ##....       14%         1    #......


Dungeon Overview and Level Annotations

Branches:
Dungeon (15/15)            Temple (1/1) D:5            Lair (8/8) D:11
 Shoals (4/4) Lair:6        Snake (4/4) Lair:4        Slime (6/6) Lair:7
    Orc (4/4) D:11            Elf (3/3) Orc:3        Vaults (5/5) D:14
  Crypt (3/3) Vaults:2       Tomb (3/3) Crypt:3      Depths (5/5) D:15
   Hell (1/1)                 Dis (7/7) Hell            Geh (7/7) Hell
    Coc (7/7) Hell            Tar (7/7) Hell            Zot (5/5) Depths:5

Altars:
Ashenzari
Cheibriados
Dithmenos
Elyvilon
Fedhas
Gozag
Kikubaaqudgha
Makhleb
Nemelex Xobeh
Okawaru
Qazlal
Ru
Sif Muna
Trog
Vehumet
Xom
Yredelemnul
Zin
The Shining One
Beogh

Shops:
D:6 }   D:9 %   D:10 (   Orc:4 [((!   Elf:1 }   Shoals:1 !?   Vaults:2 (
Vaults:3 %[?   Depths:4 !%[

Portals:
Hell: Depths:1 Depths:2 Depths:3 Depths:4 Depths:5
Abyss: Depths:3 Depths:4
Pandemonium: Depths:3 Depths:5

Annotations:
Lair:3 Sonja


Innate Abilities, Weirdness & Mutations

You are resistant to torment.
Your stone body is resilient (AC +20).
You are immune to poison.
Your large and strong wings let you fly indefinitely.
You resist negative energy.
You are resistant to electric shocks.
You can survive without breathing.
You are immune to petrification.
You are immune to rotting.
You have large cloven feet.
You are partially covered in icy blue scales (AC +1).
You are partially covered in thin metallic scales (AC +2).
You are partially covered in yellow scales (AC +2).
Scrolls take you much longer to read.
Armour fits poorly on your strangely shaped body.
Your body sometimes deteriorates upon taking damage.
You are very dopey. (Int -4)
You are very frail (-20% HP).
You regenerate slowly when monsters are visible.
You are occasionally teleported next to monsters.
You are very weak. (Str -4)
You expend magic power (3 MP) to strengthen your wands.


Message History

There is a stone staircase leading up here.
You fly upwards.
There is a stone staircase leading down here.
Items here: ( )) [ a dyed leather armour; a dagger; 21 arrows; an uncursed shortbow
Things that are here:
a robe; a dagger An Orb Guardian comes into view.
You see here an arrow.
You block the Orb Guardian's attack. x2
You barely miss the Orb Guardian. The Orb Guardian completely misses you.
An iron imp comes into view.
Your plate armour "Cezovex" prevents you from hitting the Orb Guardian.
The Orb Guardian barely misses you.
You hit the Orb Guardian but do no damage.
You block the Orb Guardian's attack.
You hit the Orb Guardian. You hit the Orb Guardian.
You block the Orb Guardian's attack.
You thump the Orb Guardian! You block the Orb Guardian's attack.
You block the iron imp's attack.
You spit the Orb Guardian like a pig!!!!
You kill the Orb Guardian!
You sock the iron imp!
The iron imp convulses!
You kill the iron imp!
The Shining One accepts your kill.
No target in view!
No target in view!
No target in view!
(D) Dungeon (T) Temple (L) Lair (A) Shoals (P) Snake Pit (M) Slime Pits (O) Orcish Mines (E) Elven Halls (V) Vaults (C) Crypt (W) Tomb (U) Depths (H) Hell (I) Dis (G) Gehenna (X) Cocytus (Y) Tartarus (Z) Zot
Where to? (Enter - D:1, ? - help)
There is a stone staircase leading up here.
You see here an arrow.
You fly upwards.
There is a stone staircase leading down here.
There is a stone staircase leading up here.
You fly upwards.
There is a stone staircase leading down here.
A bat comes into view.
You block the bat's attack.
You skewer the bat like a kebab!!!
You kill the bat!
No target in view!
No target in view!
No target in view!
(D) Dungeon (T) Temple (L) Lair (A) Shoals (P) Snake Pit (M) Slime Pits (O) Orcish Mines (E) Elven Halls (V) Vaults (C) Crypt (W) Tomb (U) Depths (H) Hell (I) Dis (G) Gehenna (X) Cocytus (Y) Tartarus (Z) Zot
Where to? (Enter - D:1, ? - help)
An Orb Guardian comes into view.
You spit the Orb Guardian like a pig!!!
You stick the Orb Guardian like a pincushion!!!
You kill the Orb Guardian!
No target in view!
No target in view!
(D) Dungeon (T) Temple (L) Lair (A) Shoals (P) Snake Pit (M) Slime Pits (O) Orcish Mines (E) Elven Halls (V) Vaults (C) Crypt (W) Tomb (U) Depths (H) Hell (I) Dis (G) Gehenna (X) Cocytus (Y) Tartarus (Z) Zot
Where to? (Enter - D:1, ? - help)
You see here a stone.
You see here a stone.
Things that are here:
4 stones; a dagger You see here a stone.
There is a stone staircase leading up here.
You fly upwards.
There is a stone staircase leading down here.
There is an open door here.
A worker ant zombie comes into view.
You flatten the worker ant zombie like a pancake!!!
You destroy the worker ant zombie!
The Shining One accepts your kill.
(D) Dungeon (T) Temple (L) Lair (A) Shoals (P) Snake Pit (M) Slime Pits (O) Orcish Mines (E) Elven Halls (V) Vaults (C) Crypt (W) Tomb (U) Depths (H) Hell (I) Dis (G) Gehenna (X) Cocytus (Y) Tartarus (Z) Zot
Where to? (Enter - D:1, ? - help)
There is a stone staircase leading up here.
You see here a dagger.
You fly upwards.
There is a stone staircase leading down here.
(D) Dungeon (T) Temple (L) Lair (A) Shoals (P) Snake Pit (M) Slime Pits (O) Orcish Mines (E) Elven Halls (V) Vaults (C) Crypt (W) Tomb (U) Depths (H) Hell (I) Dis (G) Gehenna (X) Cocytus (Y) Tartarus (Z) Zot
Where to? (Enter - D:1, ? - help)
Okay, then.
There is an open gate here.
There is an open door here.
There is a staircase leading out of the dungeon here.
You have escaped!

##♣..............♣#
....♣♣♣#'''#♣♣♣...#
...♣♣###...###♣♣.♣#
.♣♣♣ #.......# ♣♣♣
♣♣####..8.8..####
###..#.......#..###
#....#.8...8.'....#
#....#...⌠...#....#
#.⌠..'.8...8.#..@.#
#....#...8...#.4..#
###################


You could see a sixfirhy.

Vanquished Creatures
  Cerebov (Pan)
  Antaeus (Coc:7)
  Asmodeus (Geh:7)
  the royal jelly (Slime:6)
  Ereshkigal (Tar:7)
  Gloorx Vloq (Pan)
  the Serpent of Hell (Tar:7)
  Mnoleg (Pan)
  Lom Lobon (Pan)
  Dispater (Dis:7)
  3 orbs of fire
  Mennas (Vaults:4)
  2 juggernauts (Depths:4)
  9 ancient liches
  29 greater mummies
  24 pandemonium lords
  Boris (Tomb:1)
  7 shard shrikes
  Vashnia (Snake:3)
  4 curse toes
  Geryon (Hell)
  10 Killer Klowns
  2 caustic shrikes (Depths:4)
  A profane servitor (Abyss:3)
  8 golden dragons
  Xtahua (Vaults:2)
  10 bone dragons
  8 electric golems
  34 Brimstone Fiends
  Jorgrun (Elf:2)
  22 tentacled monstrosities
  A hellephant (Pan)
  Rupert (Lair:2)
  27 Orb Guardians
  16 titans
  31 Ice Fiends
  18 Hell Sentinels
  Asterion (Snake:2)
  9 deep elf blademasters
  24 acid blobs
  30 Shadow Fiends
  6 quicksilver dragons
  14 liches
  5 deep elf master archers
  7 sphinxes
  2 krakens
  25 Executioners
  6 eldritch tentacles
  5 death cobs
  Gastronok (D:8)
  17 ancient champions
  15 storm dragons
  7 tentacled starspawn
  An octopode crusher (Depths:3)
  7 shadow dragons
  9 tengu reavers
  A thorn hunter (Zig:13)
  Roxanne (Snake:3)
  15 greater nagas
  4 draconian monks
  Ilsuiw (Shoals:4)
  5 revenants
  Wiglaf (Crypt:1)
  11 azure jellies
  18 deep elf sorcerers
  9 iron dragons
  13 draconian knights
  Donald (Orc:3)
  22 frost giants
  Maud (D:13)
  14 vault wardens
  42 balrugs
  27 fire giants
  4 fire giants (shapeshifter)
  Aizul (Snake:3)
  Louise (Shoals:2)
  2 angels
  7 curse skulls
  8 draconian scorchers
  10 ghost moths
  32 cacodemons
  12 warmongers (Pan)
  An emperor scorpion (Zig:12)
  4 draconian zealots
  2 orc warlords
  14 ironheart preservers
  8 draconian shifters
  16 war gargoyles
  5 draconian annihilators
  13 blood saints
  76 reapers
  4 elemental wellsprings (Coc:7)
  36 stone giants
  4 vampire knights
  31 very ugly things
  6 bennus
  6 draconian callers
  12 chaos champions
  6 deep elf demonologists
  6 salamander firebrands
  6 corrupters (Pan)
  10 green draconians
  13 deep elf annihilators
  10 red draconians
  13 yellow draconians
  Azrael (Orc:3)
  9 black draconians
  11 purple draconians
  23 lorocyprocas
  10 mottled draconians
  17 white draconians
  4 dire elephants
  5 black suns (Pan)
  8 ettins
  39 vault guards
  An eidolon (Crypt:3)
  9 merfolk javelineers
  A minotaur (shapeshifter) (Vaults:5)
  4 deep elf death magi
  3 crystal guardians
  7 death oozes
  A minotaur (Lab)
  6 quicksilver dragon zombies
  25 blizzard demons
  24 green deaths
  24 mummy priests
  19 yaktaur captains
  23 fire dragons
  9 jiangshi
  Josephine (Orc:3)
  A spectral kraken (Tar:7)
  6 deep elf high priests
  7 merfolk impalers
  7 entropy weavers
  Erolcha (Orc:3)
  A kraken zombie (Coc:7)
  23 hydras
  Harold (Lair:2)
  3 rakshasas
  29 ice dragons
  7 quicksilver dragon skeletons
  15 great orbs of eyes
  20 naga warriors
  6 merfolk avatars
  9 spriggan air magi
  13 hell beasts
  19 anacondas
  16 monstrous demonspawn (Pan)
  A ghost crab (shapeshifter) (Zig:7)
  21 ogre magi
  12 centaur warriors
  A catoblepas (D:14)
  9 merfolk aquamancers
  A satyr (Shoals:2)
  14 deep troll shamans
  16 dancing weapons
  4 tengu warriors
  A death knight (Crypt:2)
  9 death yaks
  13 deep troll earth magi
  5 alligator snapping turtles
  5 orc high priests
  A queen ant (D:9)
  3 alligators
  3 vampire magi
  75 sun demons
  6 titan zombies
  Urug (Orc:3)
  6 spriggan berserkers
  8 shock serpents
  31 deep elf knights
  16 hell hogs
  19 naga sharpshooters
  17 thrashing horrors (Abyss:3)
  5 storm dragon zombies
  13 salamander mystics
  Nergalle (D:10)
  3 wizards
  53 soul eaters
  6 wretched stars
  159 skeletal warriors
  2 iron golems (Hell)
  10 iron trolls
  45 deep trolls
  6 unseen horrors
  9 titan skeletons
  45 ice devils
  A fire crab (shapeshifter) (Zig:10)
  31 hell knights
  7 storm dragon skeletons
  15 gelid demonspawn (Pan)
  3 ghost moth zombies
  17 small abominations
  4 golden dragon zombies
  8 anaconda zombies
  5 giant orange brains
  9 shadow wraiths
  3 spriggan druids
  2 spatial maelstroms (Abyss:3)
  31 sea snakes
  46 large abominations
  6 naga ritualists
  23 flayed ghosts
  4 death drakes
  17 ironbrand convokers
  13 necromancers
  A deep troll (shapeshifter) (Vaults:5)
  42 shadow demons
  A shambling mangrove (Zig:13)
  An anubis guard (shapeshifter) (Zig:10)
  16 anubis guards
  73 death scarabs
  6 deep elf summoners
  The ghost of Goblin1989 the Grappler, a novice TrMo of Cheibriados (D:6)
  A giant orange brain (shapeshifter) (Vaults:4)
  7 swamp dragons
  An obsidian statue (Zig:11)
  16 infernal demonspawn (Pan)
  14 orc knights
  Pikel (D:8)
  10 torturous demonspawn (Pan)
  18 deep elf conjurers
  19 putrid demonspawn (Pan)
  2 shadow dragon zombies
  A golden dragon skeleton (Coc:6)
  8 oklob plants
  6 anaconda skeletons
  17 phantasmal warriors
  7 lindwurms
  5 shadow dragon skeletons
  10 orb spiders
  7 wolf spider zombies
  43 harpies
  4 iron dragon zombies
  4 fauns
  13 wolf spiders
  7 hill giants
  4 frost giant zombies
  28 salamanders
  60 ugly things
  19 mana vipers
  8 stone giant zombies
  A manticore (shapeshifter) (D:14)
  120 slime creatures
  A wolf spider (shapeshifter) (Zig:10)
  13 cyclopes
  8 fire giant zombies
  15 manticores
  8 elephants
  10 water nymphs
  10 shining eyes
  17 griffons
  15 moths of wrath
  11 hornets
  9 stone giant skeletons
  10 orc sorcerers
  4 dire elephant zombies
  7 frost giant skeletons
  A guardian serpent (shapeshifter) (Zig:10)
  13 guardian serpents
  42 black mambas
  5 iron dragon skeletons
  2 shock serpent zombies
  6 sirens
  63 sixfirhies
  42 smoke demons
  5 apocalypse crabs
  20 vault sentinels
  4 worldbinders
  50 orange demons
  64 rust devils
  44 naga magi
  8 fire giant skeletons
  A salamander (shapeshifter) (Vaults:3)
  A black mamba (shapeshifter) (Elf:2)
  An eye of devastation (Slime:1)
  3 ice statues
  2 molten gargoyles (Geh:7)
  An alligator snapping turtle zombie (Crypt:3)
  A torpor snail (Lair:4)
  A shock serpent skeleton (Tar:6)
  2 emperor scorpion zombies
  2 spriggan skeletons (Depths:4)
  A komodo dragon (shapeshifter) (Vaults:2)
  4 dire elephant skeletons
  5 kobold demonologists
  A fire drake (shapeshifter) (Elf:3)
  8 spectral swamp worms (Tar:7)
  A yaktaur zombie (Vaults:4)
  3 gargoyles
  20 hellwings
  17 spiny frogs
  41 hellions
  An iron troll zombie (Dis:5)
  42 tormentors
  21 efreet
  46 yaktaurs
  15 blue devils
  10 komodo dragons
  12 hydra zombies
  18 demonic crawlers
  4 fire drakes
  44 guardian mummies
  5 tengu conjurers
  15 deep elf priests
  A giant leech (Zig:12)
  8 ancient zymes
  A two-headed ogre (shapeshifter) (Vaults:1)
  22 freezing wraiths
  A white draconian skeleton (Crypt:2)
  52 merfolk
  43 red devils
  2 harpy zombies
  17 polar bears
  A troll (shapeshifter) (Depths:2)
  An iron troll skeleton (Dis:5)
  23 two-headed ogres
  The ghost of Goblin1989 the Chopper, an amateur FoFi of Elyvilon (D:7)
  A slime creature (shapeshifter) (Zig:10)
  6 ice dragon zombies
  8 hydra skeletons
  A silent spectre (Tar:7)
  25 ushabtiu
  18 raiju
  8 trolls
  3 alligator zombies
  4 bog bodies
  3 harpy skeletons
  5 wind drakes
  A golden dragon simulacrum (Coc:7)
  An iron dragon simulacrum (Coc:1)
  12 blink frogs
  3 fire dragon zombies
  2 ettin zombies
  12 snapping turtles
  A blink frog (shapeshifter) (Depths:4)
  A minotaur skeleton (Crypt:3)
  A fire giant simulacrum (Coc:1)
  A trapdoor spider zombie (D:14)
  6 jumping spiders
  4 spriggans
  13 air elementals
  4 boulder beetles
  A black mamba zombie (Dis:7)
  6 vampires
  110 flying skulls
  3 ettin skeletons
  8 tarantellas
  2 yaks (shapeshifter)
  6 trapdoor spiders
  6 fire dragon skeletons
  29 shadows
  A tarantella (shapeshifter) (Vaults:2)
  33 wraiths
  7 alligator skeletons
  78 neqoxecs
  75 yaks
  49 ynoxinuls
  8 hungry ghosts
  4 ice dragon skeletons
  26 fire elementals
  14 redbacks
  35 water elementals
  A black mamba skeleton (Geh:5)
  5 wyverns
  3 golden eyes (shapeshifter)
  9 humans (Zot:3)
  12 hippogriffs
  12 basilisks
  A hog (shapeshifter) (Depths:3)
  31 deep elf magi
  39 chaos spawn
  52 nagas
  12 golden eyes
  24 deep elf fighters
  A spriggan simulacrum (Zig:9)
  22 vampire mosquitoes
  A wolf (shapeshifter) (Vaults:5)
  2 insubstantial wisps (Zig:8)
  Edmund (D:6)
  A mottled dragon (D:11)
  16 porcupines
  18 wolves
  4 hydra simulacra
  A naga (shapeshifter) (D:14)
  7 spiny frog zombies
  A water nymph skeleton (Crypt:1)
  A putrid demonspawn skeleton (Crypt:2)
  A sky beast (shapeshifter) (Vaults:5)
  3 wargs
  29 ice beasts
  A gelid demonspawn skeleton (Crypt:3)
  A spider (Zig:12)
  5 swamp drakes
  50 orc warriors
  15 water moccasins
  8 phantoms
  An elephant zombie (Crypt:2)
  10 soldier ants
  A spider (shapeshifter) (Vaults:2)
  9 wasps
  4 sky beasts
  44 hell hounds
  5 swamp dragon zombies
  12 eyes of draining
  2 snapping turtle zombies (Geh:7)
  6 spiny frog skeletons
  An ettin simulacrum (Vaults:4)
  15 starcursed masses
  2 manticore zombies
  69 ogres
  11 necrophages
  A manticore skeleton (Geh:7)
  5 snapping turtle skeletons
  28 centaurs
  23 crocodiles
  8 boggarts
  8 gnoll sergeants (Bailey)
  A hog skeleton (Crypt:1)
  A spiny frog simulacrum (Coc:2)
  A brain worm (shapeshifter) (Vaults:2)
  An elf zombie (Tar:2)
  An elf skeleton (Geh:7)
  A fire drake skeleton (Crypt:3)
  4 big kobolds
  An earth elemental (Abyss:3)
  20 giant frogs
  A cyclops skeleton (Crypt:1)
  3 queen bee zombies
  8 scorpions
  A raiju zombie (Crypt:1)
  11 electric eels
  2 human simulacra
  2 troll skeletons
  68 wights
  5 quasits
  6 crimson imps
  19 killer bees
  33 jellies
  5 centaur zombies
  2 human zombies
  A lava snake (Snake:4)
  9 centaur skeletons
  36 orc priests
  A two-headed ogre zombie (Crypt:1)
  11 hounds
  18 iron imps
  10 iguanas
  2 giant frog skeletons
  55 orc wizards
  6 gnoll shamans (Bailey)
  A human skeleton (Tar:5)
  A lightning spire (Zig:14)
  33 sheep
  31 worker ants
  3 ogre zombies (Ossuary)
  A naga zombie (Crypt:1)
  A tengu zombie (Dis:2)
  A crocodile zombie (Crypt:3)
  An ogre skeleton (Tar:5)
  A hound skeleton (D:4)
  73 mummies
  Robin (D:2)
  A worker ant zombie (D:2)
  49 river rats
  23 adders
  20 gnolls
  12 white imps
  An ooze (D:2)
  19 shadow imps
  2 ufetubi (Abyss:3)
  12 adder zombies
  3 adder skeletons
  2 worms
  5 giant geckos
  270 orcs
  A ball python (D:5)
  A bat zombie (Crypt:2)
  A gnoll zombie (Ossuary)
  9 hobgoblins
  7 jackals
  17 kobolds
  9 quokkas
  A ball python skeleton (D:5)
  10 bats
  8 giant cockroaches
  4 giant newts
  15 goblins
  3 goblin zombies (Ossuary)
  2 hobgoblin zombies (Ossuary)
  A jackal skeleton (D:6)
  5 kobold zombies (Ossuary)
  An orc skeleton (Crypt:3)
  An orc zombie (Coc:3)
  A quokka skeleton (D:7)
  4 quokka zombies
  4 rats
  A rat skeleton (Crypt:2)
  4 rat zombies (Ossuary)
  4 crawling corpses
  2 fungi
  A lurking horror (Abyss:3)
  27 plants
  2 starspawn tentacles (Abyss:3)
  11 tentacles
  2 tentacle segments (Coc:7)
6410 creatures vanquished.

Vanquished Creatures (collateral kills)
  A pandemonium lord (Pan)
  A Brimstone Fiend (Pan)
  A tentacled monstrosity (Zig:13)
  A tengu reaver (Zig:14)
  A hydra (Zig:13)
  A ghost crab (Zig:12)
  2 alligators (Zig:13)
  A spriggan druid (Zig:12)
  A swamp dragon (Zig:13)
  A necromancer (Zig:14)
  An orc sorcerer (Zig:14)
  A bog body (Zig:13)
  A swamp drake (Zig:12)
  A wasp (Zig:12)
15 creatures vanquished.

Vanquished Creatures (others)
  Nikola (Snake:4)
  3 deep elf master archers (Elf:3)
  A vault warden (Vaults:5)
  2 stone giants
  A salamander stormcaller (Vaults:4)
  A yaktaur captain (Depths:4)
  An ogre mage (Vaults:4)
  A centaur warrior (Depths:3)
  3 naga sharpshooters (Snake:3)
  A deep elf knight (Crypt:1)
  A skeletal warrior (Hell)
  2 ball lightnings (Pan)
  A golden dragon zombie (Geh:7)
  14 death scarabs
  An infernal demonspawn (Pan)
  A frost giant zombie (Coc:1)
  An orb spider (Zig:14)
  2 wizards (Pan)
  2 moths of wrath (Zot:5)
  A hornet (Zig:12)
  A spiny frog (Zig:12)
  A smoke demon (Pan)
  8 yaktaurs
  A guardian mummy (Tomb:2)
  A giant leech (Zig:12)
  A harpy skeleton (D:15)
  A deep elf mage (Vaults:4)
  A shadow (Geh:5)
  A water elemental (Hell)
  A deep elf fighter (Elf:1)
  13 flying skulls
  A fire dragon skeleton (Tomb:2)
  A tarantella (Zig:14)
  An ettin skeleton (Tomb:3)
  2 wraiths (Geh:7)
  A trapdoor spider (Zig:14)
  A ynoxinul (Pan)
  A chaos spawn (Pan)
  A neqoxec (Pan)
  An orc warrior (D:15)
  2 swamp drakes (Zig:12)
  A necrophage (Geh:2)
  A phantom (Coc:1)
  4 centaurs (Depths:3)
  2 slaves (D:8)
  2 ogres
  A killer bee (D:15)
  A crimson imp (Geh:2)
  A wight (Geh:1)
  An iron imp (Dis:7)
  An orc wizard (D:8)
  3 mummies (Tomb:2)
  A worker ant zombie (D:8)
  A white imp (Abyss:3)
  An ufetubus (Zot:5)
  A giant gecko (D:8)
  3 orcs
  A kobold (Vaults:3)
  A bush (Shoals:2)
  A crawling corpse (Vaults:5)
  155 eldritch tentacle segments
  11 fungi
  5 lost souls
  A lurking horror (Abyss:3)
  38 plants
  15 starspawn tentacles
  109 starspawn tentacle segments
  52 tentacles
  2187 tentacle segments
2684 creatures vanquished.

Grand Total: 9109 creatures vanquished

Notes
Turn   | Place    | Note
--------------------------------------------------------------
     0 | D:1      | jazmu the Gargoyle Skald began the quest for the Orb.
     0 | D:1      | Reached XP level 1. HP: 12/12 MP: 3/3
   209 | D:1      | Reached skill level 2 in Axes
   328 | D:1      | Reached XP level 2. HP: 17/17 MP: 5/5
   775 | D:2      | Reached skill level 3 in Axes
   786 | D:2      | Reached XP level 3. HP: 12/21 MP: 6/6
  1037 | D:2      | Found a snail-covered altar of Cheibriados.
  1046 | D:2      | Found an iron altar of Okawaru.
  1046 | D:2      | Found a shimmering altar of Xom.
  1047 | D:2      | Found an opulent altar of Gozag.
  1051 | D:2      | Found a bloodstained altar of Trog.
  1054 | D:2      | Became a worshipper of Warmaster Okawaru
  1260 | D:2      | Noticed Robin
  1286 | D:2      | Killed Robin
  1286 | D:2      | Reached skill level 1 in Shields
  1286 | D:2      | Reached XP level 4. HP: 21/26 MP: 7/7
  1648 | D:3      | Reached skill level 2 in Shields
  1831 | D:3      | Reached XP level 5. HP: 30/30 MP: 8/8
  1872 | D:3      | Found a burning altar of Makhleb.
  1872 | D:3      | Noticed an Executioner
  1961 | D:3      | Reached * piety under Okawaru
  1961 | D:3      | Reached skill level 2 in Armour
  1961 | D:3      | Reached skill level 3 in Shields
  1987 | D:3      | Found a faded altar to an unknown god.
  2313 | D:3      | Reached XP level 6. HP: 32/35 MP: 9/9
  2498 | D:3      | Found a basalt altar of Yredelemnul.
  2507 | D:3      | Found a glowing golden altar of the Shining One.
  2585 | D:3      | Noticed an angel
  2631 | D:4      | Reached skill level 3 in Armour
  2635 | D:4      | Got a coiled glass ring
  2638 | D:4      | Identified the ring of Doubts {rF- Str+4 Int+3 SInv Stlth+} (You found it on level 4 of the Dungeon)
  2651 | D:4      | Reached skill level 1 in Invocations
  2765 | D:4      | Reached skill level 4 in Shields
  3240 | D:4      | Found a sacrificial altar of Ru.
  3270 | D:5      | Entered Level 5 of the Dungeon
  3380 | D:5      | Found a staircase to the Ecumenical Temple.
  3401 | D:5      | Reached skill level 2 in Invocations
  3401 | D:5      | Reached XP level 7. HP: 40/40 MP: 10/10
  3510 | D:5      | Reached skill level 3 in Fighting
  3636 | D:5      | Reached skill level 4 in Armour
  3682 | D:5      | Reached skill level 3 in Invocations
  3698 | D:5      | Reached skill level 4 in Fighting
  3975 | D:5      | Reached skill level 5 in Armour
  4080 | D:5      | Reached ** piety under Okawaru
  4080 | D:5      | Reached XP level 8. HP: 48/48 MP: 11/11
  4190 | D:5      | Found a blossoming altar of Fedhas.
  4337 | D:6      | Found a sand-covered staircase.
  4349 | D:6      | Reached skill level 5 in Fighting
  4354 | Ossuary  | Entered an ossuary
  4679 | Ossuary  | Reached skill level 6 in Armour
  5138 | D:6      | Reached skill level 6 in Fighting
  5196 | D:6      | Found a stormy altar of Qazlal.
  5395 | D:6      | Found Fezusisa's Gadget Shop.
  5476 | D:6      | Noticed Edmund
  5498 | D:6      | Killed Edmund
  5498 | D:6      | Reached skill level 7 in Armour
  6063 | D:5      | Reached *** piety under Okawaru
  6138 | D:6      | Reached skill level 7 in Fighting
  6138 | D:6      | Reached XP level 9. HP: 20/57 MP: 12/12
  6338 | D:6      | Noticed Goblin1989's ghost (novice TrMo)
  6889 | D:7      | Noticed Goblin1989's ghost (amateur FoFi)
  6923 | D:8      | Found a deep blue altar of Sif Muna.
  7149 | D:8      | Noticed Gastronok
  7553 | D:7      | Reached skill level 8 in Armour
  7895 | D:7      | Reached skill level 8 in Fighting
  8497 | D:8      | Noticed Pikel
  8519 | D:8      | Killed Pikel
  8519 | D:8      | Reached **** piety under Okawaru
  8519 | D:8      | Reached skill level 9 in Fighting
  8519 | D:8      | Reached skill level 9 in Armour
  8591 | D:8      | Reached XP level 10. HP: 50/66 MP: 13/13
  9122 | D:9      | Reached skill level 10 in Armour
  9139 | D:9      | Reached skill level 10 in Fighting
  9219 | D:9      | Reached skill level 4 in Axes
  9402 | D:9      | Found a shimmering altar of Xom.
  9408 | D:9      | Reached skill level 5 in Axes
  9571 | D:9      | Reached ***** piety under Okawaru
  9613 | D:9      | Noticed a queen ant
  9620 | D:9      | Reached skill level 6 in Axes
  9635 | D:9      | Received a gift from Okawaru
  9654 | D:9      | Killed a queen ant
  9654 | D:9      | Reached skill level 7 in Axes
  9789 | D:9      | Reached skill level 8 in Axes
  9822 | D:9      | Reached XP level 11. HP: 65/72 MP: 14/14
  9868 | D:9      | Reached skill level 9 in Axes
 10176 | D:9      | Found Ydiul's Food Emporium.
 10270 | D:10     | Entered Level 10 of the Dungeon
 10317 | D:10     | Received a gift from Okawaru
 10322 | D:10     | Got a steaming lajatang {god gift}
 10750 | D:10     | Reached skill level 10 in Axes
 11184 | D:10     | Got a shimmering chain mail
 11234 | D:10     | Found Byebiyc's Antique Weapon Boutique.
 11397 | D:10     | Bought a runed demon whip for 315 gold pieces
 11601 | D:11     | Noticed a centaur warrior
 11601 | D:11     | Noticed a hill giant
 11624 | D:11     | Noticed Nergalle
 11646 | D:10     | Killed Nergalle
 11778 | D:11     | Killed a centaur warrior
 11778 | D:11     | Reached skill level 11 in Axes
 11786 | D:11     | Received a gift from Okawaru
 11944 | D:11     | Noticed an unseen horror
 11954 | D:11     | Killed an unseen horror
 11969 | D:11     | Reached XP level 12. HP: 66/77 MP: 15/15
 12001 | D:11     | Reached ****** piety under Okawaru
 12001 | D:11     | Reached skill level 12 in Axes
 12031 | D:11     | Found a staircase to the Orcish Mines.
 12108 | D:11     | Noticed a five-headed hydra
 12126 | D:11     | Killed a five-headed hydra
 12126 | D:11     | Received a gift from Okawaru
 12129 | D:11     | Got a pair of polished boots {god gift}
 12136 | D:11     | Identified the +0 pair of boots of Voihip {rF+} (Okawaru gifted it to you on level 11 of the Dungeon)
 12147 | D:11     | Identified the cursed +1 chain mail of Byoscha {rF+ rC+ MR- Regen+} (You took it off an orc on level 10 of the Dungeon)
 12300 | D:11     | Found a staircase to the Lair.
 12326 | D:11     | Killed a hill giant
 12685 | Lair:1   | Entered Level 1 of the Lair of Beasts
 13037 | Lair:1   | Reached skill level 11 in Armour
 13239 | Lair:1   | Reached skill level 11 in Fighting
 13633 | Lair:2   | Identified a scroll of acquirement
 13676 | Lair:2   | Noticed Harold
 13784 | Lair:2   | Killed Harold
 13885 | Lair:2   | Reached skill level 12 in Armour
 14169 | Lair:3   | Noticed a seven-headed hydra
 14175 | Lair:3   | Noticed Rupert
 14181 | Lair:3   | Paralysed by Rupert for 6 turns
 14207 | Lair:2   | HP: 12/81 [Rupert/great mace of protection (29)]
 14226 | Lair:1   | HP: 8/81 [porcupine's spines (15)]
 14388 | Lair:2   | Killed a seven-headed hydra
 14388 | Lair:2   | Received a gift from Okawaru
 14388 | Lair:2   | Reached skill level 12 in Fighting
 14388 | Lair:2   | Reached XP level 13. HP: 77/86 MP: 13/16
 14391 | Lair:2   | Got a dazzling cloak {god gift}
 14402 | Lair:2   | Identified the +5 cloak of Escha {+Fly rF++ Int+6} (Okawaru gifted it to you on level 2 of the Lair of Beasts)
 14410 | Lair:2   | Paralysed by Rupert for 6 turns
 14418 | Lair:2   | Paralysed by Rupert for 7 turns
 14436 | Lair:2   | HP: 16/86 [Rupert/great mace of protection (23)]
 14447 | Lair:2   | Killed Rupert
 14488 | Lair:2   | Identified the +11 lajatang of Xecloabb {freeze, rPois MP+9 Int+3 SInv} (Okawaru gifted it to you on level 10 of the Dungeon)
 14702 | Lair:3   | Noticed Sonja
 14745 | Lair:4   | Reached skill level 1 in Maces & Flails
 14796 | Lair:3   | HP: 19/87 [black mamba (6)]
 14941 | Lair:4   | Reached skill level 2 in Maces & Flails
 14981 | Lair:4   | Found a staircase to the Snake Pit.
 15005 | Lair:4   | Reached skill level 13 in Armour
 15462 | Lair:4   | Reached skill level 3 in Maces & Flails
 16032 | Lair:4   | Reached skill level 4 in Maces & Flails
 16388 | Lair:5   | Reached skill level 5 in Maces & Flails
 16568 | Lair:5   | Got a steaming flail
 16569 | Lair:5   | Identified the +4 flail of the Original Sin {elec, rC+ MR+ Dex+4} (You found it on level 5 of the Lair of Beasts)
 16720 | Lair:5   | Received a gift from Okawaru
 16810 | Lair:5   | Reached skill level 14 in Armour
 17104 | Lair:5   | Reached skill level 6 in Maces & Flails
 17195 | Lair:6   | Got a bloodstained hand axe
 17403 | Lair:6   | Found a staircase to the Shoals.
 17804 | Lair:7   | Gained mutation: Your large and strong wings let you fly indefinitely. [Gargoyle growth]
 17804 | Lair:7   | Reached XP level 14. HP: 75/92 MP: 17/17
 17865 | Lair:7   | Found a frozen archway.
 17894 | Lair:7   | Reached skill level 7 in Maces & Flails
 17902 | IceCv    | Entered an ice cave
 18575 | IceCv    | Gained mutation: You have large cloven feet. [potion of beneficial mutation]
 18580 | IceCv    | Got a translucent glaive
 18628 | IceCv    | Reached skill level 4 in Invocations
 18638 | IceCv    | Reached skill level 8 in Maces & Flails
 18741 | IceCv    | Received a gift from Okawaru
 18903 | Lair:7   | Reached skill level 15 in Armour
 19082 | Lair:7   | Reached skill level 5 in Invocations
 19529 | Lair:7   | Reached skill level 9 in Maces & Flails
 19693 | Lair:7   | Reached skill level 6 in Invocations
 20335 | Lair:7   | Received a gift from Okawaru
 20338 | Lair:7   | Got a crude cloak {god gift}
 20569 | Lair:8   | Entered Level 8 of the Lair of Beasts
 20726 | Lair:8   | Reached XP level 15. HP: 94/97 MP: 20/20
 20767 | Lair:8   | Reached skill level 7 in Invocations
 21179 | Lair:8   | Reached skill level 10 in Maces & Flails
 21516 | Lair:8   | Got an obsidian-studded scale mail
 21527 | Lair:8   | Identified the +4 scale mail of the Saviour {rElec rPois MR+ Int-5} (You found it on level 8 of the Lair of Beasts)
 21580 | Lair:8   | Identified the +0 cloak of the Saviour {Dex+2} (Okawaru gifted it to you on level 7 of the Lair of Beasts)
 21639 | Lair:8   | Reached skill level 16 in Armour
 21894 | Lair:8   | Reached skill level 8 in Invocations
 22756 | D:12     | Found a shadowy altar of Dithmenos.
 23097 | D:13     | Noticed Maud
 23115 | D:13     | Killed Maud
 23269 | D:13     | Got a warped battleaxe
 23425 | D:13     | Reached skill level 9 in Invocations
 23648 | D:13     | Received a gift from Okawaru
 23648 | D:13     | Reached skill level 11 in Maces & Flails
 23651 | D:13     | Got a pair of bloodstained boots {god gift}
 23876 | D:13     | Identified the +2 pair of boots of Watchfulness {+Inv rElec Int+4 Slay+2} (Okawaru gifted it to you on level 13 of the Dungeon)
 24358 | Orc:1    | Entered Level 1 of the Orcish Mines
 25272 | Orc:2    | Found a roughly hewn altar of Beogh.
 25326 | Orc:2    | Reached skill level 1 in Evocations
 25660 | Orc:3    | Noticed Erolcha
 25670 | Orc:3    | Killed Erolcha
 25706 | Orc:3    | Noticed Josephine
 25710 | Orc:3    | Found a flagged portal.
 25723 | Orc:3    | Killed Josephine
 25730 | Bailey   | Entered a bailey
 25766 | Bailey   | Reached skill level 2 in Evocations
 26077 | Bailey   | Got a jewelled hand crossbow
 26134 | Orc:3    | Got a scorched halberd
 26187 | Orc:3    | Found a staircase to the Elven Halls.
 26272 | Orc:3    | Found a roughly hewn altar of Beogh.
 26587 | Orc:3    | Noticed Urug
 26602 | Orc:3    | Killed Urug
 26870 | Orc:4    | Entered Level 4 of the Orcish Mines
 26875 | Orc:4    | Reached skill level 13 in Fighting
 26876 | Orc:4    | Noticed Azrael
 26940 | Orc:4    | Paralysed by an orc sorcerer for 4 turns
 27130 | Orc:3    | Killed Azrael
 27130 | Orc:3    | Reached skill level 3 in Evocations
 27154 | Orc:3    | Reached XP level 16. HP: 48/104 MP: 22/22
 27903 | Orc:4    | Noticed Donald
 28028 | Orc:4    | Reached skill level 4 in Evocations
 28852 | Orc:3    | Killed Donald
 28926 | Orc:4    | Found Othoasun's Weapon Boutique.
 28926 | Orc:4    | Found Uboeff's Armour Shop.
 28927 | Orc:4    | Found Girraf's Weapon Shop.
 28951 | Orc:4    | Found Moruc's Distillery.
 28966 | Orc:4    | Bought a potion of curing for 42 gold pieces
 28966 | Orc:4    | Bought a potion of heal wounds for 70 gold pieces
 28966 | Orc:4    | Bought a potion of curing for 42 gold pieces
 29297 | Lair:1   | Identified the +6 hand crossbow of Overwhelming Force {flame, rElec} (You found it in a bailey)
 29468 | Shoals:1 | Entered Level 1 of the Shoals
 29496 | Lair:6   | Reached skill level 5 in Shields
 30072 | Lair:6   | Received a gift from Okawaru
 30072 | Lair:6   | Reached skill level 6 in Shields
 30219 | Shoals:1 | Reached skill level 7 in Shields
 30537 | Shoals:1 | Reached skill level 14 in Fighting
 30632 | Shoals:1 | Found Mumuim's Distillery.
 30638 | Shoals:1 | Found Begurchyl's Magic Scroll Boutique.
 30642 | Shoals:1 | Bought a potion of haste for 140 gold pieces
 30642 | Shoals:1 | Bought a potion of curing for 42 gold pieces
 30642 | Shoals:1 | Bought a potion of curing for 42 gold pieces
 30642 | Shoals:1 | Bought a potion of curing for 42 gold pieces
 30642 | Shoals:1 | Bought a potion of might for 56 gold pieces
 30647 | Shoals:1 | Bought a scroll of brand weapon for 260 gold pieces
 31149 | Shoals:2 | Received a gift from Okawaru
 31151 | Shoals:2 | Noticed Louise
 31167 | Shoals:2 | Killed Louise
 31167 | Shoals:2 | Reached skill level 17 in Armour
 31354 | Shoals:2 | Reached skill level 15 in Fighting
 31730 | Shoals:2 | Reached XP level 17. HP: 58/113 MP: 23/23
 31738 | Shoals:2 | HP: 17/113 [alligator snapping turtle (14)]
 32567 | Shoals:3 | Received a gift from Okawaru
 33130 | Shoals:4 | Entered Level 4 of the Shoals
 33145 | Shoals:4 | Reached skill level 16 in Fighting
 33937 | Shoals:4 | Noticed Ilsuiw
 33973 | Shoals:4 | Killed Ilsuiw
 33979 | Shoals:4 | Received a gift from Okawaru
 34024 | Shoals:4 | HP: 19/116 [merfolk aquamancer/great wave of water (24)]
 34050 | Shoals:4 | HP: 9/116 [wind drake/the air (24)]
 34085 | Shoals:4 | Reached skill level 8 in Shields
 34348 | Shoals:4 | Reached skill level 18 in Armour
 35323 | Shoals:4 | Got a steaming helmet
 35377 | Shoals:4 | Identified the cursed +0 helmet of Incorporation {MR+} (You found it on level 4 of the Shoals)
 35438 | Shoals:4 | Reached skill level 17 in Fighting
 35531 | Shoals:4 | Reached skill level 9 in Shields
 35768 | Shoals:4 | HP: 19/117 [merfolk aquamancer/great wave of water (28)]
 36070 | Shoals:4 | Reached XP level 18. HP: 101/123 MP: 24/24
 36380 | Shoals:4 | Got a barnacled rune of Zot
 36420 | Shoals:3 | Received a gift from Okawaru
 36435 | Shoals:3 | Got an iridescent mace {god gift}
 37222 | D:14     | Found a runed door.
 37475 | D:14     | Reached skill level 10 in Shields
 37543 | D:14     | Found a gate to the Vaults.
 37714 | D:14     | Received a gift from Okawaru
 37717 | D:14     | Got a pair of crude boots {god gift}
 37728 | D:14     | Identified the +0 pair of boots of Xuafaip {Str+7} (Okawaru gifted it to you on level 14 of the Dungeon)
 37974 | D:14     | Found a roughly hewn altar of Beogh.
 38066 | D:15     | Entered Level 15 of the Dungeon
 38195 | D:15     | Found a snail-covered altar of Cheibriados.
 38218 | D:15     | Found a labyrinth entrance.
 38236 | Lab      | Entered a labyrinth
 38348 | Lab      | Found an exit through the horrors of the Abyss.
 38652 | Lab      | Got a warped troll leather armour {regen}
 38652 | Lab      | Got a warped storm dragon armour {rElec}
 38697 | D:15     | Identified the +2 storm dragon armour "Tier" {rElec rC+ Dex+4 Stlth+, rElec} (You found it in a labyrinth)
 38737 | D:15     | Identified the cursed +1 troll leather armour of Greed {+Inv rPois MR- Regen+ Int+4, regen} (You found it in a labyrinth)
 39076 | D:15     | Found a staircase to the Depths.
 39290 | Depths:1 | Entered Level 1 of the Depths
 39322 | D:15     | Reached skill level 19 in Armour
 39498 | D:15     | Reached skill level 11 in Shields
 39515 | Depths:1 | Reached skill level 18 in Fighting
 39877 | Depths:1 | HP: 30/125 [fire dragon/blast of flame (6)]
 39886 | Depths:1 | HP: 31/125 [fire dragon (1)]
 40135 | Depths:1 | Received a gift from Okawaru
 40273 | Depths:1 | Reached XP level 19. HP: 82/130 MP: 25/25
 40603 | Depths:1 | Found a gateway to Hell.
 41439 | D:15     | Reached skill level 12 in Shields
 41948 | D:12     | Received a gift from Okawaru
 42080 | Snake:1  | Entered Level 1 of the Snake Pit
 43320 | Snake:2  | Got a steaming amber ring
 43322 | Snake:2  | Identified the ring "Byokib" {MP+9 Int+3} (You found it on level 2 of the Snake Pit)
 43666 | Snake:2  | Noticed Asterion
 43688 | Snake:2  | Killed Asterion
 43706 | Snake:2  | Received a gift from Okawaru
 43776 | Snake:2  | Reached skill level 20 in Armour
 44144 | Snake:2  | Reached skill level 19 in Fighting
 44585 | Snake:3  | Noticed Aizul
 44604 | Snake:3  | Killed Aizul
 44620 | Snake:3  | Noticed Vashnia
 44716 | Snake:3  | Killed Vashnia
 44716 | Snake:3  | Reached skill level 12 in Maces & Flails
 44716 | Snake:3  | Reached XP level 20. HP: 75/139 MP: 26/26
 44840 | Snake:3  | Noticed Roxanne
 44877 | Snake:3  | Killed Roxanne
 45261 | Snake:4  | Entered Level 4 of the Snake Pit
 45586 | Snake:4  | Noticed Nikola
 45610 | Snake:4  | Killed Nikola
 46200 | Snake:4  | Received a gift from Okawaru
 46268 | Snake:4  | Reached skill level 13 in Maces & Flails
 46572 | Snake:4  | Reached skill level 21 in Armour
 46578 | Snake:4  | Reached skill level 20 in Fighting
 47157 | Snake:4  | Received a gift from Okawaru
 47467 | Snake:4  | Reached XP level 21. HP: 139/146 MP: 27/27
 47505 | Snake:4  | Got a serpentine rune of Zot
 48074 | Vaults:1 | Entered Level 1 of the Vaults
 48616 | Vaults:1 | Reached skill level 14 in Maces & Flails
 48736 | Vaults:1 | Received a gift from Okawaru
 48739 | Vaults:1 | Got a crude cloak {god gift}
 48752 | Vaults:1 | Identified the +5 cloak "Ecett" {rPois} (Okawaru gifted it to you on level 1 of the Vaults)
 50579 | Vaults:2 | Found Qoaxuno's Weapon Shoppe.
 50593 | Vaults:2 | Reached skill level 21 in Fighting
 50606 | Vaults:2 | HP: 18/148 [ogre/giant spiked club[an ogre mage] (23)]
 51229 | Vaults:2 | Reached skill level 22 in Armour
 51709 | Vaults:2 | Received a gift from Okawaru
 51712 | Vaults:2 | Got a fine battleaxe {god gift}
 51848 | Vaults:2 | Found a staircase to the Crypt.
 51993 | Vaults:3 | Noticed Xtahua
 52009 | Vaults:2 | Killed Xtahua
 52009 | Vaults:2 | Reached XP level 22. HP: 116/155 MP: 28/28
 52242 | Vaults:3 | Reached skill level 15 in Maces & Flails
 52368 | Vaults:3 | Received a gift from Okawaru
 52969 | Vaults:3 | Found Keoschaet's Food Shoppe.
 53042 | Vaults:3 | Got a fine hand crossbow
 53138 | Vaults:3 | Found Xicogot's Antique Armour Shop.
 53141 | Vaults:3 | Found Hure's Magic Scroll Shoppe.
 53142 | Vaults:3 | Bought a dazzling scale mail for 306 gold pieces
 53154 | Vaults:3 | Identified the +3 scale mail "Kewef" {rC+} (You bought it in a shop on level 3 of the Vaults)
 53173 | Vaults:3 | Bought a scroll of enchant weapon for 135 gold pieces
 53173 | Vaults:3 | Bought a scroll of enchant armour for 135 gold pieces
 53173 | Vaults:3 | Bought a scroll of identify for 36 gold pieces
 53173 | Vaults:3 | Bought a scroll of teleportation for 54 gold pieces
 53173 | Vaults:3 | Bought a scroll of identify for 36 gold pieces
 53173 | Vaults:3 | Bought a scroll of identify for 36 gold pieces
 53173 | Vaults:3 | Bought a scroll of magic mapping for 63 gold pieces
 53759 | Vaults:4 | Identified the +4 hand crossbow of Autumn {flame, rPois rF+ rC+ SInv} (You took it off a vault guard on level 3 of the Vaults)
 54074 | Vaults:4 | Received a gift from Okawaru
 54339 | Vaults:4 | Reached skill level 22 in Fighting
 54676 | Vaults:4 | Reached skill level 16 in Maces & Flails
 55423 | Depths:1 | Reached skill level 23 in Armour
 55448 | Depths:2 | Reached XP level 23. HP: 155/162 MP: 29/29
 55543 | Depths:2 | Received a gift from Okawaru
 55550 | Depths:2 | Got a fine dire flail {god gift}
 56077 | Depths:2 | Noticed a golden dragon
 56104 | Depths:2 | Killed a golden dragon
 56104 | Depths:2 | Received a gift from Okawaru
 56125 | Depths:2 | Got a bound silver ring
 56174 | Depths:2 | Got a smoking amethyst amulet
 56219 | Depths:2 | Identified the amulet "Ipih Pee" {Gourm SInv} (You found it on level 2 of the Depths)
 56221 | Depths:2 | Identified the ring of Powu {rElec AC+1} (You found it on level 2 of the Depths)
 56866 | Depths:3 | Found a one-way gate leading to the halls of Pandemonium.
 57698 | Depths:3 | Received a gift from Okawaru
 58292 | Depths:2 | Reached skill level 17 in Maces & Flails
 58706 | Depths:3 | Got a crude brass ring
 58708 | Depths:3 | Identified the ring of the Harvest {+Blink rN+ Int+5 Dex-3} (You found it on level 3 of the Depths)
 58927 | Depths:3 | Found a one-way gate to the infinite horrors of the Abyss.
 59387 | Depths:4 | Reached skill level 23 in Fighting
 59433 | Depths:4 | Found Toecrath's Distillery.
 59442 | Depths:4 | Bought a potion of heal wounds for 70 gold pieces
 59442 | Depths:4 | Bought a potion of might for 56 gold pieces
 59442 | Depths:4 | Bought a potion of agility for 56 gold pieces
 59442 | Depths:4 | Bought a potion of might for 56 gold pieces
 59442 | Depths:4 | Bought a potion of agility for 56 gold pieces
 59593 | Depths:4 | Noticed a juggernaut
 59609 | Depths:3 | HP: 37/164 [air elemental[a spriggan air mage] (6)]
 60004 | Depths:4 | Killed a juggernaut
 60004 | Depths:4 | Reached XP level 24. HP: 64/171 MP: 29/29
 60396 | Depths:4 | Found Basoikepp's Armour Emporium.
 60457 | Depths:4 | Reached skill level 24 in Armour
 60504 | Depths:4 | Noticed a juggernaut
 60690 | Depths:4 | Received a gift from Okawaru
 61025 | Depths:4 | Killed a juggernaut
 61037 | Depths:4 | Found a gateway to a ziggurat.
 61157 | Depths:4 | Found Kuhagrat's Food Emporium.
 61256 | Depths:4 | Reached skill level 18 in Maces & Flails
 61583 | Depths:5 | Entered Level 5 of the Depths
 61692 | Depths:4 | Received a gift from Okawaru
 61736 | Depths:4 | Got a turquoise-encrusted crystal plate armour {god gift}
 61749 | Depths:4 | Identified the +9 crystal plate armour "Meoblosi" {rN+} (Okawaru gifted it to you on level 4 of the Depths)
 61894 | Depths:5 | HP: 35/172 [death yak[a spriggan berserker] (20)]
 62696 | Depths:5 | Found a shimmering altar of Xom.
 62778 | Depths:5 | Found a glowing golden altar of the Shining One.
 63183 | Depths:5 | Found a gate to the Realm of Zot.
 63320 | Depths:5 | Reached XP level 25. HP: 167/178 MP: 29/29
 63392 | Depths:5 | Fell from the grace of Okawaru
 63392 | Depths:5 | Became a worshipper of the Shining One
 63860 | Vaults:1 | Reached skill level 5 in Evocations
 63977 | Crypt:1  | Entered Level 1 of the Crypt
 64107 | Crypt:1  | Reached * piety under the Shining One
 64241 | Crypt:1  | Noticed Wiglaf
 64260 | Crypt:1  | Killed Wiglaf
 64267 | Crypt:1  | Killed the ghostly Wiglaf
 64466 | Crypt:1  | Reached skill level 6 in Evocations
 64483 | Crypt:1  | Reached ** piety under the Shining One
 64563 | Crypt:2  | Reached *** piety under the Shining One
 64563 | Crypt:2  | Reached skill level 7 in Evocations
 64709 | Crypt:1  | Reached skill level 8 in Evocations
 65050 | Crypt:1  | Reached **** piety under the Shining One
 65628 | Crypt:2  | Reached skill level 24 in Fighting
 65683 | Crypt:2  | Got a wavering platinum ring
 65932 | Crypt:2  | Reached ***** piety under the Shining One
 66170 | Crypt:3  | Entered Level 3 of the Crypt
 66408 | Crypt:3  | Reached skill level 25 in Armour
 66523 | Crypt:3  | Reached ****** piety under the Shining One
 66559 | Crypt:3  | Noticed an ancient lich
 66586 | Crypt:3  | Killed an ancient lich
 66722 | Crypt:3  | Got a pitted scythe
 66754 | Crypt:3  | Got a wavering wooden ring
 66754 | Crypt:3  | Got a fine marble ring
 66760 | Crypt:3  | Identified the ring "Jujyquts" {rF+ rN+ Int+3} (You found it on level 3 of the Crypt)
 66761 | Crypt:3  | Identified the ring "Viarej" {rElec rF+ rN+ SInv} (You found it on level 3 of the Crypt)
 66762 | Crypt:3  | Identified the ring "Boopnu" {+Fly rPois rN+ Str+4} (You found it on level 2 of the Crypt)
 67576 | Crypt:3  | Found a staircase to the Tomb.
 68074 | Elf:1    | Entered Level 1 of the Elven Halls
 68583 | Elf:1    | Found Mamp's Gadget Shop.
 69180 | Elf:2    | Noticed Jorgrun
 69197 | Elf:2    | Killed Jorgrun
 69215 | Elf:2    | Found a runed gate.
 69216 | Elf:2    | Found a runed gate.
 69218 | Elf:2    | Got an ancient battleaxe
 69237 | Elf:2    | Found a runed gate.
 69659 | Elf:2    | Reached XP level 26. HP: 143/187 MP: 29/29
 69739 | Elf:2    | Reached skill level 25 in Fighting
 70053 | Elf:3    | Entered Level 3 of the Elven Halls
 70364 | Elf:3    | Reached skill level 26 in Armour
 70505 | Elf:3    | Was forgiven by Okawaru
 71554 | Elf:3    | Got a faintly glowing glass ring
 71562 | Elf:3    | Identified the ring of Sejasm {Fire +Blink Str+7 Int+4 Dex-5} (You found it on level 3 of the Elven Halls)
 71717 | Elf:3    | Got a dazzling ring mail
 72416 | Lair:1   | Identified the +3 ring mail of the Special Runes {-Cast rElec Int+7} (You found it on level 3 of the Elven Halls)
 72680 | D:6      | Killed Goblin1989's ghost
 72802 | D:7      | Killed Goblin1989's ghost
 73062 | D:8      | Killed Gastronok
 73206 | Temple   | Entered the Ecumenical Temple
 73832 | Vaults:5 | Entered Level 5 of the Vaults
 74120 | Vaults:5 | Noticed Mennas
 74235 | Vaults:4 | Reached skill level 26 in Fighting
 74283 | Vaults:4 | Killed Mennas
 74388 | Vaults:4 | Reached XP level 27. HP: 187/196 MP: 29/29
 74404 | Vaults:5 | Noticed an ancient lich
 74521 | Vaults:4 | Reached skill level 27 in Armour
 74616 | Vaults:4 | Killed an ancient lich
 74924 | Vaults:4 | Reached skill level 27 in Fighting
 74926 | Vaults:4 | Reached skill level 1 in Dodging
 75013 | Vaults:5 | Reached skill level 2 in Dodging
 75130 | Vaults:5 | Reached skill level 3 in Dodging
 75170 | Vaults:5 | Got a bronze leather armour
 75198 | Vaults:5 | Got a transparent leather armour
 75209 | Vaults:5 | Got a silver rune of Zot
 75465 | Vaults:5 | Reached skill level 19 in Maces & Flails
 75468 | Vaults:5 | Reached skill level 4 in Dodging
 75933 | Vaults:5 | Identified the +2 leather armour of Cullagie {rC+ Dex+2 Slay+2} (You took it off a deep elf demonologist on level 5 of the Vaults)
 75987 | Vaults:5 | Identified the +7 leather armour "Xupleade" {*Drain +Fly Int+2 Stlth+} (You took it off a deep elf priest on level 5 of the Vaults)
 76033 | Vaults:5 | Identified the Tome of Malediction and Attacks (You found it on level 5 of the Vaults)
 76059 | Vaults:5 | Got a shimmering silver ring
 76063 | Vaults:5 | Identified the ring of Zepraup {rPois EV+5 Str+7} (You took it off a tengu reaver on level 5 of the Vaults)
 76145 | Vaults:5 | Got a brightly glowing leather armour
 76195 | Vaults:5 | Reached skill level 5 in Dodging
 76607 | Vaults:5 | Got a scintillating garnet amulet
 76613 | Vaults:5 | Identified the amulet of the Komtur {Inacc *Confuse MR+ Int+4} (You found it on level 5 of the Vaults)
 76985 | Lair:1   | Identified the +3 leather armour "Qeunerutz" {rC+ MR+} (You found it on level 5 of the Vaults)
 77281 | Zot:1    | Entered Level 1 of the Realm of Zot
 77337 | Depths:5 | Reached skill level 6 in Dodging
 77644 | Zot:1    | Reached skill level 7 in Dodging
 78164 | Zot:2    | Reached skill level 20 in Maces & Flails
 78403 | Zot:2    | Reached skill level 8 in Dodging
 79179 | Zot:3    | Reached skill level 9 in Dodging
 79640 | Zot:3    | Reached skill level 10 in Dodging
 79760 | Zot:3    | Reached skill level 21 in Maces & Flails
 80483 | Zot:4    | Reached skill level 11 in Dodging
 81282 | Zot:5    | Entered Level 5 of the Realm of Zot
 81383 | Zot:4    | Reached skill level 12 in Dodging
 81404 | Zot:5    | Reached skill level 22 in Maces & Flails
 81449 | Zot:5    | Noticed an ancient lich
 81462 | Zot:5    | Killed an ancient lich
 81516 | Zot:5    | Noticed an orb of fire
 82456 | Hell     | Entered the Vestibule of Hell
 82456 | Hell     | Noticed Geryon
 82603 | Hell     | Gained mutation: You are weak. (Str -2) [a cacodemon]
 82614 | Hell     | Gained mutation: You tend to lose your temper in combat. [a cacodemon]
 82730 | Hell     | Killed Geryon
 82730 | Hell     | Reached skill level 13 in Dodging
 82838 | Hell     | Found a gateway to the freezing wastes of Cocytus.
 82897 | Hell     | Found a gateway to the decaying netherworld of Tartarus.
 82923 | Hell     | Found a gateway to the ashen valley of Gehenna.
 82971 | Geh:1    | Entered Level 1 of Gehenna
 83327 | Geh:2    | Reached skill level 23 in Maces & Flails
 83559 | Geh:2    | Reached skill level 14 in Dodging
 84275 | Geh:6    | Reached skill level 15 in Dodging
 84358 | Geh:7    | Entered Level 7 of Gehenna
 84477 | Geh:7    | Reached skill level 24 in Maces & Flails
 84998 | Geh:7    | Noticed Asmodeus
 85023 | Geh:7    | Killed Asmodeus
 85023 | Geh:7    | Reached skill level 16 in Dodging
 85045 | Geh:7    | Gained mutation: You are dopey. (Int -2) [the power of Zot]
 85045 | Geh:7    | Gained mutation: Your magical capacity is low (-10% MP). [the power of Zot]
 85085 | Geh:7    | Gained mutation: Your body sometimes deteriorates upon taking damage. [mutagenic glow]
 85111 | Geh:7    | Got an obsidian rune of Zot
 85112 | Geh:7    | Gained mutation: Your spells are a little easier to cast, but a little less powerful. [mutagenic glow]
 85423 | Geh:7    | Got a flickering lead ring
 85428 | Geh:7    | Got a pitted bronze ring
 85756 | Hell     | Found a gateway to the Iron City of Dis.
 85761 | Dis:1    | Entered Level 1 of the Iron City of Dis
 86129 | Dis:2    | Reached skill level 25 in Maces & Flails
 86571 | Dis:5    | Reached skill level 17 in Dodging
 86906 | Dis:7    | Entered Level 7 of the Iron City of Dis
 87605 | Dis:7    | Got a wavering copper ring
 87639 | Dis:7    | HP: 46/199 [Hell Sentinel/blast of hellfire (42)]
 87780 | Dis:7    | Reached skill level 18 in Dodging
 87863 | Dis:7    | Reached skill level 26 in Maces & Flails
 87887 | Dis:7    | Identified the Disquisition on Flight
 87904 | Dis:7    | Noticed Dispater
 87945 | Dis:7    | Killed Dispater
 87981 | Dis:7    | Got an iron rune of Zot
 87989 | Dis:7    | Got a crude jade ring
 88823 | Lair:1   | Identified the ring "Ycai" {rC++ Dex+3} (You found it on level 7 of the Iron City of Dis)
 88825 | Lair:1   | Identified the ring "Husisodgh" {Wiz +Inv} (You found it on level 7 of Gehenna)
 88827 | Lair:1   | Identified the ring "Tedum Okhle" {rC+ EV+6} (You found it on level 7 of Gehenna)
 88829 | Lair:1   | Identified the ring of Undoing {+Inv Int+4} (You found it on level 7 of the Iron City of Dis)
 89153 | Tar:1    | Entered Level 1 of Tartarus
 89401 | Tar:2    | Cast into the Abyss (reaper)
 89409 | Abyss:1  | Got a shimmering bone ring
 89422 | Abyss:1  | Gained mutation: Your spells are easier to cast, but less powerful. [mutagenic glow]
 89450 | Abyss:1  | Gained mutation: You are agile. (Dex +2) [mutagenic glow]
 89512 | Abyss:3  | Found a corrupted altar of Lugonu.
 90104 | Abyss:3  | Found a corrupted altar of Lugonu.
 90124 | Abyss:3  | Found a corrupted altar of Lugonu.
 90148 | Abyss:3  | Found a corrupted altar of Lugonu.
 90195 | Abyss:3  | Gained mutation: You are very dopey. (Int -4) [a neqoxec]
 90196 | Abyss:3  | Gained mutation: You expend magic power (3 MP) to strengthen your wands. [a neqoxec]
 90202 | Abyss:3  | Gained mutation: You regenerate slowly when monsters are visible. [a neqoxec]
 90203 | Abyss:3  | Gained mutation: You occasionally shout uncontrollably at your foes. [a neqoxec]
 90230 | Abyss:3  | Reached skill level 19 in Dodging
 90405 | Abyss:3  | Gained mutation: You often lose your temper in combat. [a neqoxec]
 90450 | Abyss:3  | Found a glowing golden altar of the Shining One.
 90654 | Abyss:3  | Paralysed by accursed screaming for 1 turns
 90882 | Abyss:3  | Got an abyssal rune of Zot
 90953 | Abyss:3  | Reached skill level 27 in Maces & Flails
 90982 | Tar:2    | Escaped the Abyss
 91624 | Tar:5    | Reached skill level 20 in Dodging
 91931 | Tar:6    | Identified a +9 eveningstar of holy wrath (a +9 eveningstar of freezing blessed by the Shining One)
 91931 | Tar:6    | Received a gift from the Shining One
 92010 | Tar:7    | Entered Level 7 of Tartarus
 92047 | Tar:7    | Lost mutation: You are agile. (Dex +2) [a neqoxec]
 92048 | Tar:7    | Gained mutation: You are frail (-10% HP). [a neqoxec]
 92402 | Tar:7    | Reached skill level 21 in Dodging
 92536 | Tar:7    | Got a steaming quarterstaff
 92900 | Tar:7    | Noticed the Serpent of Hell
 92917 | Tar:7    | Killed the Serpent of Hell
 93204 | Tar:7    | Identified the ring "Qoepn" {+Blink +Inv} (You found it on level 1 of the Abyss)
 93247 | Tar:7    | Reached skill level 22 in Dodging
 93427 | Tar:7    | Got a jewelled scimitar
 93486 | Tar:7    | Noticed Ereshkigal
 93515 | Tar:7    | Killed Ereshkigal
 93544 | Tar:7    | Got an ancient wooden ring
 93546 | Tar:7    | Got a bone rune of Zot
 93551 | Tar:7    | Got a dazzling shortbow
 93552 | Tar:7    | Lost mutation: You occasionally shout uncontrollably at your foes. [mutagenic glow]
 93579 | Tar:7    | Gained mutation: Scrolls take you a little longer to read. [mutagenic glow]
 93651 | Tar:7    | Lost mutation: You are very dopey. (Int -4) [mutagenic glow]
 94047 | Lair:1   | Identified the ring of Naytiyga {+/*Tele Stlth+} (You found it on level 7 of Tartarus)
 94154 | Lair:1   | Lost mutation: Your spells are easier to cast, but less powerful. [potion of cure mutation]
 94154 | Lair:1   | Lost mutation: You are dopey. (Int -2) [potion of cure mutation]
 94154 | Lair:1   | Lost mutation: Your magical capacity is low (-10% MP). [potion of cure mutation]
 94154 | Lair:1   | Lost mutation: Your spells are a little easier to cast, but a little less powerful. [potion of cure mutation]
 94386 | Zig:1    | Entered Level 1 of a ziggurat
 94409 | Zig:2    | Entered Level 2 of a ziggurat
 94450 | Zig:3    | Entered Level 3 of a ziggurat
 94484 | Zig:3    | Got an ancient morningstar
 94491 | Zig:4    | Entered Level 4 of a ziggurat
 94576 | Zig:5    | Entered Level 5 of a ziggurat
 94695 | Zig:6    | Entered Level 6 of a ziggurat
 94727 | Zig:6    | Reached skill level 23 in Dodging
 94847 | Zig:7    | Entered Level 7 of a ziggurat
 94856 | Zig:7    | Noticed Quytorinn the pandemonium lord
 94859 | Zig:7    | Paralysed by you for 4 turns
 94865 | Zig:7    | Killed Quytorinn the pandemonium lord
 94985 | Zig:8    | Entered Level 8 of a ziggurat
 95010 | Zig:8    | Gained mutation: You are dopey. (Int -2) [a neqoxec]
 95047 | Zig:8    | Got a sparkling silver amulet
 95064 | Zig:8    | Identified the amulet of Dim Light {Gourm rElec rN+ Str-4 Stlth+} (You found it on level 8 of a ziggurat)
 95064 | Zig:8    | Reached skill level 13 in Shields
 95065 | Zig:8    | Lost mutation: You are frail (-10% HP). [potion of cure mutation]
 95065 | Zig:8    | Lost mutation: Scrolls take you a little longer to read. [potion of cure mutation]
 95065 | Zig:8    | Lost mutation: You are weak. (Str -2) [potion of cure mutation]
 95065 | Zig:8    | Lost mutation: Your body sometimes deteriorates upon taking damage. [potion of cure mutation]
 95065 | Zig:8    | Lost mutation: You regenerate slowly when monsters are visible. [potion of cure mutation]
 95079 | Zig:8    | Identified Taec's Catalogue of Supportive Translocation (You found it on level 8 of a ziggurat)
 95081 | Zig:8    | Identified the Grimoire of Cloudy Arcane Weapons (You found it on level 8 of a ziggurat)
 95113 | Zig:8    | Got an iridescent great sword
 95115 | Zig:9    | Entered Level 9 of a ziggurat
 95260 | Zig:9    | Lost mutation: You have large cloven feet. [potion of cure mutation]
 95260 | Zig:9    | Lost mutation: You are dopey. (Int -2) [potion of cure mutation]
 95260 | Zig:9    | Lost mutation: You expend magic power (3 MP) to strengthen your wands. [potion of cure mutation]
 95260 | Zig:9    | Lost mutation: You often lose your temper in combat. [potion of cure mutation]
 95264 | Zig:9    | Gained mutation: Your flesh is heat resistant. [potion of beneficial mutation]
 95307 | Zig:10   | Entered Level 10 of a ziggurat
 95323 | Zig:10   | Noticed Ontelug the pandemonium lord
 95333 | Zig:10   | Cast into the Abyss (Ontelug)
 95365 | Zig:10   | Escaped the Abyss
 95366 | Zig:10   | Killed Ontelug the pandemonium lord
 95484 | Zig:10   | Identified the Volume of Burning Confrontation
 95612 | Zig:11   | Entered Level 11 of a ziggurat
 95659 | Zig:11   | Reached skill level 24 in Dodging
 95731 | Zig:11   | Got a fine ring mail
 95737 | Zig:11   | Gained mutation: Your mind is acute. (Int +2) [potion of beneficial mutation]
 95770 | Zig:12   | Entered Level 12 of a ziggurat
 96018 | Zig:13   | Entered Level 13 of a ziggurat
 96343 | Zig:14   | Entered Level 14 of a ziggurat
 96998 | Lair:7   | Found a staircase to the Slime Pits.
 97224 | Slime:1  | Entered Level 1 of the Pits of Slime
 97308 | Slime:1  | Reached skill level 25 in Dodging
 97982 | Slime:3  | Gained mutation: You are frail (-10% HP). [a shining eye]
 97983 | Slime:3  | Gained mutation: Your body sometimes deteriorates upon taking damage. [a shining eye]
 98113 | Slime:5  | Gained mutation: Armour fits poorly on your strangely shaped body. [a shining eye]
 98131 | Slime:5  | Gained mutation: Scrolls take you a little longer to read. [a shining eye]
 98471 | Slime:6  | Entered Level 6 of the Pits of Slime
 98708 | Slime:6  | Noticed the royal jelly
 98723 | Slime:6  | Killed the royal jelly
 98781 | Slime:6  | Reached skill level 26 in Dodging
 98823 | Slime:6  | Got a slimy rune of Zot
 98854 | Slime:6  | Got a vibrating bronze ring
 98901 | Slime:6  | Got an obsidian-encrusted plate armour
 99217 | Lair:1   | Identified the +9 plate armour "Cezovex" {rC++ rN+ Slay+3} (You found it on level 6 of the Pits of Slime)
 99242 | Lair:1   | Identified the ring of the Establishment {rC+ Int+4 Stlth-} (You found it on level 6 of the Pits of Slime)
 99267 | Lair:1   | Lost mutation: Your body sometimes deteriorates upon taking damage. [potion of cure mutation]
 99267 | Lair:1   | Lost mutation: Your mind is acute. (Int +2) [potion of cure mutation]
 99267 | Lair:1   | Lost mutation: You are frail (-10% HP). [potion of cure mutation]
 99267 | Lair:1   | Lost mutation: You tend to lose your temper in combat. [potion of cure mutation]
 99509 | Coc:1    | Entered Level 1 of Cocytus
100171 | Coc:5    | Gained mutation: Potions and wands are less effective at restoring your health. [mutagenic glow]
100329 | Coc:7    | Entered Level 7 of Cocytus
100595 | Coc:7    | Reached skill level 27 in Dodging
100692 | Coc:7    | Reached skill level 14 in Shields
100826 | Coc:7    | Noticed Antaeus
100876 | Coc:7    | Killed Antaeus
100876 | Coc:7    | Reached skill level 15 in Shields
100894 | Coc:7    | Got an icy rune of Zot
101085 | Coc:7    | Reached skill level 16 in Shields
101207 | Coc:7    | Got a faintly glowing brass ring
101213 | Coc:7    | Identified the ring "Usoffuxe" {*Drain +Blink MR+ Slay+3} (You found it on level 7 of Cocytus)
101218 | Coc:7    | Reached skill level 17 in Shields
101224 | Coc:7    | Got a steaming mace
102069 | Tomb:1   | Entered Level 1 of the Tomb of the Ancients
102562 | Tomb:1   | Reached skill level 18 in Shields
102994 | Tomb:1   | Reached skill level 19 in Shields
103345 | Tomb:2   | Noticed an ancient lich
103625 | Tomb:1   | Killed an ancient lich
104074 | Tomb:2   | Noticed Boris
104089 | Tomb:1   | Reached skill level 20 in Shields
104155 | Tomb:1   | Killed Boris
104578 | Tomb:1   | Reached skill level 21 in Shields
104901 | Tomb:1   | Reached skill level 22 in Shields
105499 | Tomb:2   | Reached skill level 23 in Shields
105534 | Tomb:2   | Gained mutation: You are clumsy. (Dex -2) [a neqoxec]
105604 | Tomb:3   | Entered Level 3 of the Tomb of the Ancients
106333 | Tomb:2   | Reached skill level 24 in Shields
106736 | Tomb:3   | Reached skill level 25 in Shields
107147 | Tomb:3   | Got a golden rune of Zot
107317 | Tomb:3   | Got a vibrating bone ring
107322 | Tomb:3   | Got a scintillating steel ring
107333 | Tomb:3   | Identified the ring "Hudedeil" {rElec rN+ Stlth+} (You found it on level 3 of the Tomb of the Ancients)
107335 | Tomb:3   | Identified the ring "Ublaek" {*Corrode +Blink rPois rN+ Dex+4} (You found it on level 3 of the Tomb of the Ancients)
107355 | Tomb:3   | Got a flickering jade amulet
107364 | Tomb:3   | Identified the amulet of Fixation {rElec rF+ rC+ Regen+} (You found it on level 3 of the Tomb of the Ancients)
107379 | Tomb:3   | Got a scintillating diamond amulet
107388 | Tomb:3   | Identified the amulet "Qaiqaa" {Spirit rPois MP+9 Str+4} (You found it on level 3 of the Tomb of the Ancients)
107392 | Tomb:3   | Got a pair of ichor-stained boots
107406 | Tomb:3   | Identified the +2 pair of boots of Kikubaaqudgha's Envy {Int+5} (You found it on level 3 of the Tomb of the Ancients)
108538 | Lair:1   | Identified a +6 rod of destruction (11/11) (You found it on level 3 of the Tomb of the Ancients)
108773 | Pan      | Entered Pandemonium
108805 | Pan      | Reached skill level 10 in Invocations
108836 | Pan      | Reached skill level 11 in Invocations
108898 | Pan      | Found an exit through the horrors of the Abyss.
108953 | Pan      | Noticed Viapekuc the pandemonium lord
108959 | Pan      | Gained mutation: You are dopey. (Int -2) [a cacodemon]
109045 | Pan      | Gained mutation: Your body sometimes deteriorates upon taking damage. [a neqoxec]
109049 | Pan      | Gained mutation: You have large cloven feet. [a neqoxec]
109102 | Pan      | Killed Viapekuc the pandemonium lord
109220 | Pan      | Got a jewelled dagger
109280 | Pan      | Reached skill level 12 in Invocations
109311 | Pan      | Noticed Lisavun the pandemonium lord
109326 | Pan      | Cast into the Abyss (Lisavun)
109378 | Abyss:1  | Reached skill level 13 in Invocations
109401 | Pan      | Escaped the Abyss
109413 | Pan      | Killed Lisavun the pandemonium lord
109505 | Pan      | Found an exit through the horrors of the Abyss.
109633 | Pan      | Found a gateway to a ziggurat.
109644 | Zig:1    | Entered Level 1 of a ziggurat
109662 | Zig:1    | Reached skill level 14 in Invocations
109714 | Zig:2    | Entered Level 2 of a ziggurat
109715 | Zig:2    | Noticed an orb of fire
109729 | Zig:2    | Killed an orb of fire
109755 | Zig:3    | Entered Level 3 of a ziggurat
109797 | Zig:4    | Entered Level 4 of a ziggurat
109831 | Zig:4    | Got a bound tin ring
109838 | Zig:4    | Identified the +4 dagger of Plog {flame, rElec SInv} (You found it in Pandemonium)
109840 | Zig:4    | Identified the ring of Joju {*Drain Str+6 SInv} (You found it on level 4 of a ziggurat)
109958 | Zig:5    | Entered Level 5 of a ziggurat
109980 | Zig:5    | Reached skill level 15 in Invocations
110007 | Zig:6    | Entered Level 6 of a ziggurat
110066 | Zig:6    | Got a sparkling lead ring
110072 | Zig:6    | Identified the ring of the Peculiar Wishes {MR+ Int-4 Dex+3 SInv} (You found it on level 6 of a ziggurat)
110260 | Zig:6    | Lost mutation: Scrolls take you a little longer to read. [potion of cure mutation]
110260 | Zig:6    | Lost mutation: Your body sometimes deteriorates upon taking damage. [potion of cure mutation]
110260 | Zig:6    | Lost mutation: Potions and wands are less effective at restoring your health. [potion of cure mutation]
110271 | Zig:7    | Entered Level 7 of a ziggurat
110434 | Zig:8    | Entered Level 8 of a ziggurat
110461 | Zig:8    | Reached skill level 26 in Shields
110640 | Zig:9    | Entered Level 9 of a ziggurat
110805 | Zig:10   | Entered Level 10 of a ziggurat
110828 | Zig:10   | Noticed an ancient lich
110842 | Zig:10   | Killed an ancient lich
110960 | Zig:11   | Entered Level 11 of a ziggurat
110971 | Zig:11   | Noticed Onlefausch the pandemonium lord
110972 | Zig:11   | Noticed Danek the pandemonium lord
110973 | Zig:11   | Noticed Wedom the pandemonium lord
110973 | Zig:11   | Noticed Xeitz the pandemonium lord
110980 | Zig:11   | Reached skill level 27 in Shields
110981 | Zig:11   | Paralysed by a giant eyeball for 4 turns
110988 | Zig:11   | Killed Wedom the pandemonium lord
110992 | Zig:11   | Paralysed by a giant eyeball for 3 turns
111000 | Zig:11   | Killed Onlefausch the pandemonium lord
111000 | Zig:11   | Reached skill level 9 in Evocations
111012 | Zig:11   | Killed Xeitz the pandemonium lord
111021 | Zig:11   | Killed Danek the pandemonium lord
111036 | Zig:11   | Reached skill level 10 in Evocations
111209 | Zig:12   | Entered Level 12 of a ziggurat
111391 | Zig:12   | Got a vibrating copper ring
111398 | Zig:12   | Identified the ring "Josianlan" {rC+ Str+3 Int+4 Dex+3 Slay+3} (You found it on level 12 of a ziggurat)
111412 | Zig:13   | Entered Level 13 of a ziggurat
111461 | Zig:13   | Reached skill level 11 in Evocations
111571 | Zig:13   | Got a pitted pewter ring
111577 | Zig:13   | Identified the ring of the Komodo Dragon {MP+9 Str+4 Int+3 Stlth+} (You found it on level 13 of a ziggurat)
111717 | Zig:14   | Entered Level 14 of a ziggurat
111780 | Zig:14   | Reached skill level 12 in Evocations
111854 | Zig:14   | Got a brightly glowing plate armour
111867 | Zig:14   | Identified the +0 plate armour of Chimes {rPois} (You found it on level 14 of a ziggurat)
112041 | Pan      | Gained mutation: Scrolls take you a little longer to read. [a neqoxec]
112224 | Pan      | Reached skill level 13 in Evocations
112255 | Pan      | Gained mutation: You are frail (-10% HP). [a neqoxec]
112499 | Pan      | Gained mutation: Scrolls take you longer to read. [a neqoxec]
112574 | Pan      | Noticed Larosh the pandemonium lord
112582 | Pan      | Killed Larosh the pandemonium lord
112862 | Pan      | Found an exit through the horrors of the Abyss.
113090 | Pan      | Gained mutation: Scrolls take you much longer to read. [a neqoxec]
113108 | Pan      | Reached skill level 14 in Evocations
113179 | Pan      | Lost mutation: You are frail (-10% HP). [potion of cure mutation]
113179 | Pan      | Lost mutation: Armour fits poorly on your strangely shaped body. [potion of cure mutation]
113179 | Pan      | Lost mutation: You have large cloven feet. [potion of cure mutation]
113179 | Pan      | Lost mutation: Your flesh is heat resistant. [potion of cure mutation]
113179 | Pan      | Lost mutation: You are clumsy. (Dex -2) [potion of cure mutation]
113179 | Pan      | Lost mutation: Scrolls take you much longer to read. [potion of cure mutation]
113214 | Pan      | Found an exit through the horrors of the Abyss.
113394 | Pan      | Reached skill level 15 in Evocations
113439 | Pan      | Noticed Bawum the pandemonium lord
113483 | Pan      | Killed Bawum the pandemonium lord
114143 | Pan      | Found an exit through the horrors of the Abyss.
114471 | Pan      | Noticed Kifemeo the pandemonium lord
114482 | Pan      | Killed Kifemeo the pandemonium lord
114482 | Pan      | Reached skill level 16 in Evocations
114959 | Pan      | Entered the realm of Gloorx Vloq.
115019 | Pan      | Found an exit through the horrors of the Abyss.
115271 | Pan      | Reached skill level 17 in Evocations
115645 | Pan      | Noticed Gloorx Vloq
115662 | Pan      | Killed Gloorx Vloq
115682 | Pan      | Got a dark rune of Zot
115868 | Pan      | Reached skill level 18 in Evocations
115963 | Pan      | Found an exit through the horrors of the Abyss.
116007 | Pan      | Gained mutation: Potions and wands are less effective at restoring your health. [a neqoxec]
116248 | Pan      | Noticed Qaesop Peari the pandemonium lord
116265 | Pan      | Killed Qaesop Peari the pandemonium lord
116296 | Pan      | Got a demonic rune of Zot
116362 | Pan      | Found an exit through the horrors of the Abyss.
116448 | Pan      | Noticed Fuxzul the pandemonium lord
116451 | Pan      | Killed Fuxzul the pandemonium lord
116454 | Pan      | Reached skill level 19 in Evocations
116926 | Pan      | Entered the realm of Mnoleg.
116926 | Pan      | Noticed Mnoleg
116929 | Pan      | Gained mutation: You are partially covered in yellow scales (AC +2). [a cacodemon]
117293 | Pan      | Reached skill level 20 in Evocations
117368 | Pan      | Gained mutation: You are partially covered in thin metallic scales (AC +2). [a neqoxec]
117387 | Pan      | Found an exit through the horrors of the Abyss.
117408 | Pan      | Gained mutation: You have large cloven feet. [a cacodemon]
117413 | Pan      | Gained mutation: You are weak. (Str -2) [a cacodemon]
117471 | Pan      | Gained mutation: You are very weak. (Str -4) [a neqoxec]
117635 | Pan      | Gained mutation: Armour fits poorly on your strangely shaped body. [a cacodemon]
117752 | Pan      | Gained mutation: You are very dopey. (Int -4) [a neqoxec]
117808 | Pan      | Gained mutation: Scrolls take you much longer to read. [a neqoxec]
117852 | Pan      | Killed Mnoleg
117904 | Pan      | Gained mutation: You are frail (-10% HP). [a neqoxec]
117953 | Pan      | Got a glowing rune of Zot
118042 | Pan      | Entered the realm of Cerebov.
118050 | Pan      | Reached skill level 21 in Evocations
118369 | Pan      | Noticed Cerebov
118547 | Pan      | Got an ancient plate armour
118560 | Pan      | Identified the cursed +0 plate armour "Ratal" {rPois rF- Dex+3 Slay+3} (You found it in Pandemonium)
118682 | Pan      | Killed Cerebov
118729 | Pan      | Got a fiery rune of Zot
118764 | Pan      | Got a pair of bloodstained gloves
118782 | Pan      | Identified the cursed -2 pair of gloves of Orthodoxy {Int+2} (You found it in Pandemonium)
118806 | Pan      | Got a scintillating golden ring
118843 | Pan      | Identified the ring of Colotz {rPois rF- rN+ Str+2} (You found it in Pandemonium)
118854 | Pan      | Lost mutation: Scrolls take you much longer to read. [potion of cure mutation]
118854 | Pan      | Lost mutation: Potions and wands are less effective at restoring your health. [potion of cure mutation]
118854 | Pan      | Lost mutation: Scrolls take you longer to read. [potion of cure mutation]
118854 | Pan      | Lost mutation: Armour fits poorly on your strangely shaped body. [potion of cure mutation]
118861 | Pan      | Got a translucent hand axe
118893 | Pan      | Got a twisted plate armour
118904 | Pan      | Identified the cursed +0 plate armour of the Moon {rElec SInv} (You found it in Pandemonium)
119121 | Pan      | Reached skill level 22 in Evocations
119171 | Pan      | Found an exit through the horrors of the Abyss.
119578 | Pan      | Found an exit through the horrors of the Abyss.
119806 | Pan      | Noticed Ydaul the pandemonium lord
119816 | Pan      | Killed Ydaul the pandemonium lord
120068 | Pan      | Noticed Ynecs the pandemonium lord
120074 | Pan      | Killed Ynecs the pandemonium lord
120074 | Pan      | Reached skill level 23 in Evocations
120074 | Pan      | Gained mutation: You are partially covered in icy blue scales (AC +1). [a neqoxec]
120390 | Pan      | Found an exit through the horrors of the Abyss.
120742 | Pan      | Found an exit through the horrors of the Abyss.
120756 | Pan      | Noticed Wiotorph the pandemonium lord
120764 | Pan      | Killed Wiotorph the pandemonium lord
120775 | Pan      | Reached skill level 24 in Evocations
120939 | Pan      | HP: 20/194 [Brimstone Fiend/blast of hellfire (33)]
121187 | Pan      | Gained mutation: Scrolls take you longer to read. [a neqoxec]
121197 | Pan      | Gained mutation: You regenerate slowly when monsters are visible. [a neqoxec]
121217 | Pan      | Noticed Oluod the pandemonium lord
121226 | Pan      | Killed Oluod the pandemonium lord
121236 | Pan      | Got a bound crystal amulet
121240 | Pan      | Identified the amulet "Teteug" {Inacc -Tele rPois rC+ Dex+7} (You found it in Pandemonium)
121337 | Pan      | Found an exit through the horrors of the Abyss.
121437 | Pan      | Found an exit through the horrors of the Abyss.
121533 | Pan      | Gained mutation: You are very frail (-20% HP). [a neqoxec]
121622 | Pan      | Noticed Vobbaitz the pandemonium lord
121628 | Pan      | Killed Vobbaitz the pandemonium lord
121628 | Pan      | Reached skill level 25 in Evocations
121821 | Pan      | Found an exit through the horrors of the Abyss.
121823 | Pan      | Gained mutation: Scrolls take you much longer to read. [a neqoxec]
122054 | Pan      | Found an ancient bone altar of Kikubaaqudgha.
122104 | Pan      | Noticed Dowuqam the pandemonium lord
122224 | Pan      | Noticed Yliz the pandemonium lord
122232 | Pan      | Killed Yliz the pandemonium lord
122236 | Pan      | Reached skill level 26 in Evocations
122312 | Pan      | Got a bloodstained large shield
122323 | Pan      | Identified the cursed +0 large shield of the Game of Life {Dex+2} (You found it in Pandemonium)
122352 | Pan      | Gained mutation: You expend magic power (3 MP) to strengthen your wands. [a neqoxec]
122461 | Pan      | Found an exit through the horrors of the Abyss.
122681 | Pan      | Found an exit through the horrors of the Abyss.
122962 | Pan      | Noticed Paid the pandemonium lord
122983 | Pan      | Killed Paid the pandemonium lord
123197 | Pan      | Found an exit through the horrors of the Abyss.
123212 | Pan      | Noticed Myatueg the pandemonium lord
123221 | Pan      | Killed Myatueg the pandemonium lord
123780 | Pan      | Found an exit through the horrors of the Abyss.
123810 | Pan      | Gained mutation: Armour fits poorly on your strangely shaped body. [a neqoxec]
123811 | Pan      | Gained mutation: You are occasionally teleported next to monsters. [a neqoxec]
123817 | Pan      | Reached skill level 16 in Invocations
123833 | Pan      | Noticed Mipas the pandemonium lord
123863 | Pan      | Killed Mipas the pandemonium lord
123863 | Pan      | Reached skill level 27 in Evocations
123895 | Pan      | Entered the realm of Lom Lobon.
123986 | Pan      | Noticed Lom Lobon
124005 | Pan      | Killed Lom Lobon
124010 | Pan      | Reached skill level 17 in Invocations
124032 | Pan      | Got a magical rune of Zot
124251 | Pan      | Found an exit through the horrors of the Abyss.
124326 | Pan      | Noticed Kiggush the pandemonium lord
124334 | Pan      | Killed Kiggush the pandemonium lord
124392 | Depths:3 | Escaped Pandemonium
124754 | Zot:5    | Noticed an ancient lich
124770 | Zot:5    | Noticed an orb of fire
124776 | Zot:5    | Killed an orb of fire
124776 | Zot:5    | Reached skill level 18 in Invocations
124778 | Zot:5    | Killed an ancient lich
124796 | Zot:5    | Gained mutation: Your body sometimes deteriorates upon taking damage. [an orb of fire]
124797 | Zot:5    | Noticed an ancient lich
124797 | Zot:5    | Killed an orb of fire
124806 | Zot:5    | Killed an ancient lich
124806 | Zot:5    | Reached skill level 19 in Invocations
125015 | Zot:5    | Noticed an ancient lich
125036 | Zot:5    | Killed an ancient lich
125048 | Zot:5    | Reached skill level 20 in Invocations
125099 | Zot:5    | Noticed an ancient lich
125109 | Zot:5    | Noticed an ancient lich
125112 | Zot:5    | Noticed an orb of fire
125205 | Zot:5    | Reached skill level 21 in Invocations
125314 | Zot:5    | Killed an ancient lich
125316 | Zot:5    | Got the Orb of Zot
125351 | Zot:5    | Noticed Adituqomm the pandemonium lord
125380 | Zot:5    | Killed Adituqomm the pandemonium lord
125526 | Zot:4    | Noticed Irhydy the pandemonium lord
125541 | Zot:4    | Killed Irhydy the pandemonium lord
125541 | Zot:4    | Reached skill level 22 in Invocations
125952 | D:11     | Noticed a seraph
126305 | D:$      | Escaped with the Orb!

Action                   |  1- 3 |  4- 6 |  7- 9 | 10-12 | 13-15 | 16-18 | 19-21 | 22-24 | 25-27 || total
-------------------------+-------+-------+-------+-------+-------+-------+-------+-------+-------++-------
Melee: Hand axe          |    29 |       |       |       |       |       |       |       |       ||    29
       Short sword       |    67 |   197 |   705 |     5 |       |       |       |       |       ||   974
       War axe           |       |       |       |   612 |       |       |       |       |       ||   612
       Whip              |       |       |       |    14 |       |       |       |       |       ||    14
       Demon whip        |       |       |       |   378 |  1369 |       |       |       |       ||  1747
       Great mace        |       |       |       |       |   148 |       |       |       |       ||   148
       Eveningstar       |       |       |       |       |   542 |  1806 |  1886 |  1709 | 12085 || 18028
       Executioner's axe |       |       |       |       |       |    13 |       |       |       ||    13
       Broad axe         |       |       |       |       |       |       |       |       |    10 ||    10
Invok: Heroism           |       |       |     1 |     5 |     4 |     4 |     1 |     2 |       ||    17
       Finesse           |       |       |       |       |     1 |     1 |       |     1 |       ||     3
       Summon Divine War |       |       |       |       |       |       |       |       |     5 ||     5
       Cleansing Flame   |       |       |       |       |       |       |       |       |     2 ||     2
       Divine Shield     |       |       |       |       |       |       |       |       |     1 ||     1
       Brand Weapon With |       |       |       |       |       |       |       |       |     1 ||     1
 Abil: Fly               |       |       |       |       |     1 |       |       |       |     1 ||     2
       Evoke Blink       |       |       |       |       |       |       |       |     1 |     5 ||     6
Evoke: Wand              |       |       |       |       |       |     1 |     1 |       |    78 ||    80
  Use: Scroll            |       |       |    16 |    12 |    12 |     8 |     9 |    15 |    93 ||   165
       Potion            |       |       |       |     1 |     9 |    17 |     2 |     2 |    53 ||    84
 Stab: Distracted        |       |       |       |       |       |       |       |     1 |     1 ||     2
  Eat: Chunk             |     1 |     6 |    18 |    23 |    37 |    25 |    32 |    20 |    72 ||   234
       Pizza             |       |       |     1 |       |     3 |     1 |     1 |     1 |     5 ||    12
       Fruit             |       |       |     2 |       |       |       |       |     2 |    25 ||    29
       Beef jerky        |       |       |       |     1 |       |     1 |       |     3 |     7 ||    12
       Royal jelly       |       |       |       |       |     1 |       |       |       |     8 ||     9
       Meat ration       |       |       |       |       |       |     3 |       |       |    25 ||    28
       Bread ration      |       |       |       |       |       |     1 |     1 |     2 |    17 ||    21

Vault maps used:
D:1:      sevenhm_arrival_forest_fort_large_2, minmay_misc_feat_rows,
          minmay_crystal_room
D:2:      minitemple, uniq_robin
D:3:      grunt_temple_overflow_holy_war, makhleb_altar_promises_db,
          first_bread, ecumenical_altar_1, corexii_shack, serial_bayou_pond_a,
          grunt_ministairs_14
D:4:      nicolae_ru_path_of_blood
D:5:      lemuel_doored_altar, minmay_temple_entry_nine_rooms
D:6:      overflow_temple_1_default, gup_ossuary_entry_pyramid, serial_shops,
          shop, kennysheep_minor_cross, uniq_edmund
D:7:      amethyst_killhole
D:8:      led_sif_book, uniq_gastronok, uniq_pikel
D:9:      serial_shops, shop, basic_altar, minmay_another_anthill
D:10:     serial_shops, nicolae_shop_trees
D:11:     dpeg_oklobed_lair, orc_0_dummy, uniq_nergalle
D:12:     minmay_connected_triangles_in_corner, basic_altar, grunt_pizzeria
D:13:     uniq_maud
D:14:     lightli_vaults_fourway_checkpoint, minmay_fountain_box,
          lightli_church_of_beogh
D:15:     hangedman_depths_entry_try_elsewhere_first, minmay_stone_trees_small,
          basic_altar, lab_entry_generic
Temple:   circular_temple_pool_8
Lair:2:   minivault_11, uniq_harold
Lair:3:   lemuel_fruit_fields, lemuel_fruit_tree, uniq_rupert, uniq_sonja
Lair:4:   minmay_snake_entry_guardpost_small, small_statue_intersection,
          grunt_megastairs_2
Lair:5:   serial_forest, infiniplex_forest_clump_double,
          infiniplex_forest_straight_2, infiniplex_forest_lined_2,
          infiniplex_forest_zigzag_2, infiniplex_forest_straight_2,
          infiniplex_forest_lined_2, infiniplex_forest_clump_C,
          infiniplex_forest_clump_small, infiniplex_forest_split,
          serial_bayou_pond_a, kennysheep_basilisk_garden
Lair:6:   elwin_shoals_entry_rooms, serial_bayou_lake_a
Lair:7:   wad_woods_structure_01, minmay_slime_entry_oklob_enclosed,
          portal_ice_cave_entry_ice_beasts, ice2_lemuel
Lair:8:   due_jungle_book, serial_bayou_pond_c
Shoals:1: serial_shops, shop, shop
Shoals:2: yaktaur_hedge, uniq_louise
Shoals:3: nicolae_shoals_circle_sea_wall
Shoals:4: shoals_end_hangedman, shoals_ilsuiw_ice
Snake:1:  grunt_megastairs_5
Snake:2:  uniq_asterion
Snake:3:  grunt_megastairs_3, uniq_roxanne, uniq_vashnia, uniq_aizul
Snake:4:  snake_pit_salamanders_mu, nicolae_snake_single_loop, uniq_nikola
Slime:1:  nicolae_slime_phagocytosis
Slime:2:  cheibrodos_slime_lost_civilization_1, nicolae_slime_round_cave
Slime:3:  cheibrodos_slime_lost_civilization_7
Slime:5:  cheibrodos_slime_lost_civilization_2
Orc:2:    basic_altar
Orc:3:    basic_altar, enter_bailey_2, nicolae_orc_pool_cavern, uniq_erolcha,
          uniq_josephine, uniq_urug
Orc:4:    st_orc_mages, uniq_donald, uniq_azrael
Elf:1:    serial_shops, shop, minivault_28
Elf:2:    special_room, uniq_jorgrun
Elf:3:    minmay_elf_hall_spiked, small_statue_intersection
Vaults:1: hangedman_vaults_nodes, nicolae_vaults_windows_and_doors_thing,
          nicolae_vaults_circle_grid_b, vaults_dpeg_ring,
          vaults_standard_mumra_lines, vaults_dpeg_hooks, v_misc_27, v_rooms_6,
          v_alt_pattern_2, vaults_dpeg_diagonal, nicolae_vaults_gold_heap
Vaults:2: hangedman_vaults_corner_blocks, ontoclasm_vaults_ring_square,
          minmay_crypt_entry_simple_plaza, nicolae_vaults_little_squares_3,
          hangedman_vaults_snaps, ontoclasm_vaults_twist,
          nicolae_vaults_mini_display_case, serial_shops, shop
Vaults:3: nicolae_vaults_little_squares_4, nicolae_vaults_theta,
          ontoclasm_vaults_pinch, vaults_room_stairs_pillars,
          hangedman_vaults_locks, nicolae_vaults_what_the_h,
          hangedman_vaults_stitches, vaults_standard_mumra_x,
          ontoclasm_vaults_chip, serial_shops, shop, nicolae_shop_trees, shop,
          uniq_xtahua
Vaults:4: ontoclasm_vaults_eye, nicolae_vaults_alarming, grunt_vaults_funnel,
          nicolae_vaults_yaktaur_gun_rack, vaults_room_fours
Vaults:5: uniq_mennas
Crypt:1:  uniq_wiglaf
Crypt:3:  david_glass_crypt, nicolae_tomb_entry_unfolded_pyramid_diagonal
Tomb:2:   uniq_boris
Depths:1: pf_coc_iceberg, bh_walls_and_bars, grunt_ministairs_2,
          lemuel_nasty_fountain, grunt_megastairs_4, serial_bayou_shore_a
Depths:2: gold_lair_mu, hell_entry, serial_sigils, serial_sigils_hangedman_gnaw,
          serial_sigils_hangedman_shear, serial_sigils_hangedman_snap,
          serial_sigils_hangedman_shear, infiniplex_staircase_zigzag_5
Depths:3: wad_lake_hut, roderic_lattice_a,
          nicolae_abyss_entry_one_way_or_another, pf_dread_powers_of_hell,
          pan_entry
Depths:4: hangedman_arch_fort, enter_ziggurat_f, abyss_entry, serial_shops,
          nicolae_shop_competitors_out_of_business, nicolae_shop_waterfront,
          shop, hell_entry, grunt_decor_clamped, small_statue_intersection
Depths:5: grunt_zot_entry_bicorn, hell_entry, rand_demon_pan_entry_1,
          spider_trap, hangedman_feature_mirror, serial_bayou_shore_b
Dis:2:    nicolae_dis_strange_trophy_room
Dis:3:    hangedman_dis_decor_tower
Dis:5:    hangedman_dis_monolith, hangedman_dis_decor_blocks_crown
Dis:7:    iron_city_of_dis, nicolae_dis_lava_storage_tank, hangedman_dis_chains
Geh:2:    grunt_megastairs_1
Geh:7:    evilmike_geh
Coc:1:    grunt_deathspiral_small
Coc:7:    coc_dpeg
Tar:2:    lemuel_nasty_fountain, lemuel_elevator
Tar:3:    nicolae_tar_cuneiform_city
Tar:7:    tar_minmay_river
Zot:3:    circus_mu
Zot:4:    kennysheep_six_static_rooms
Abyss:1:  evilmike_abyss_exit_mutagenic
Pan:      evilmike_mini_pan_T, nicolae_pan_glass_arcs, enter_ziggurat_pan_b,
          pan_blood_fountain_small, evilmike_mini_pan_layers,
          evilmike_mini_pan_pillars, grunt_pan_spiral, nicolae_pan_sigil_nadil,
          nicolae_pan_gloorx_vloqian_4, evilmike_mini_pan_corner,
          pan_blood_fountain_2, nicolae_pan_sigil_obb, evilmike_gloorx_vloq_box,
          reaverb_pan_chaos_star, evilmike_mini_pan_corner, grunt_pan_spiral,
          nicolae_pan_sigil_nadil, mnoleg_grunt_wretched_star,
          nicolae_pan_lom_lobonic_2, nicolae_pan_sigil_eeng,
          evilmike_cerebov_lava, nicolae_pan_double_arrow,
          evilmike_mini_pan_3x3, grunt_pan_spiral, evilmike_mini_pan_thingy,
          nicolae_pan_diamonds, nicolae_pan_sigil_nadil,
          evilmike_mini_pan_thingy, nicolae_pan_mnolegish_4, rand_demon_5,
          pan_blood_fountain_2, evilmike_mini_pan_doors_b,
          nicolae_pan_sick_transit, evilmike_mini_pan_layers,
          evilmike_mini_pan_branches, pan_blood_fountain_small, lom_lobon_st,
          rand_demon_6, enter_ziggurat_pan_b, pan_blood_fountain,
          nicolae_pan_cerebovesque_1
Zig:3:    ziggurat_pillar_centre_c
Zig:5:    ziggurat_loot_1
Zig:7:    ziggurat_pillar_centre_dead_trees, ziggurat_pillar_centre_oklobs
Zig:12:   ziggurat_pillar_centre_smoke
Zig:13:   ziggurat_loot_2
Lab:      labyrinth_fake_exit, nicolae_lab_swirl
Ossuary:  ossuary_boxes_badplayer
Bailey:   bailey_polearm_gnolls_kennysheep, bailey
IceCv:    ice_cave_small_giant

Table legend:
 A = Turns spent in this place as a percentage of turns spent in the entire game.
 B = Non-inter-level travel turns spent in this place as a percentage of non-inter-level travel turns spent in the entire game.
 C = Inter-level travel turns spent in this place as a percentage of turns spent in this place.
 D = Turns resting spent in this place as a percentage of non-inter-level travel turns spent in this place.
 E = Turns spent auto-exploring this place as a percentage of non-inter-level travel turns spent in this place.
 F = Non-inter-level travel turns spent in this place divided by the number of levels of this place that you've seen.
                   A       B       C       D       E      F
               +-------+-------+-------+-------+-------+----------------------
         Total | 100.0 | 100.0 |   0.4 |   0.8 |   2.4 | 452.9
       Dungeon |   9.6 |   9.5 |   1.1 |   1.0 |   5.7 | 444.7
        Temple |   0.1 |   0.1 |   1.5 |   0.0 |  10.6 |  66.0
          Lair |   6.8 |   6.7 |   1.1 |   1.0 |   4.1 | 590.9
        Shoals |   5.3 |   5.4 |   0.1 |   2.4 |   0.1 | 940.8
     Snake Pit |   3.6 |   3.7 |   0.3 |   1.2 |   5.1 | 641.0
    Slime Pits |   1.8 |   1.8 |   0.4 |   0.9 |   0.0 | 210.7
  Orcish Mines |   2.8 |   2.8 |   0.9 |   0.6 |   3.7 | 482.8
   Elven Halls |   2.4 |   2.4 |   0.3 |   1.7 |   6.4 | 567.3
        Vaults |   6.9 |   6.9 |   0.3 |   0.8 |   5.2 | 970.0
         Crypt |   2.4 |   2.4 |   0.3 |   0.8 |   4.1 | 564.7
          Tomb |   5.7 |   5.7 |   0.4 |   1.3 |   0.9 | 1328.0
        Depths |   5.9 |   5.9 |   0.7 |   1.5 |   4.3 | 824.0
          Hell |   1.0 |   1.0 |   0.4 |   0.0 |   0.0 | 698.0
           Dis |   3.9 |   3.9 |   0.0 |   0.1 |   1.7 | 389.1
       Gehenna |   4.0 |   4.0 |   0.0 |   0.1 |   0.0 | 402.4
       Cocytus |   2.6 |   2.6 |   0.1 |   0.0 |   0.2 | 263.1
      Tartarus |   4.3 |   4.3 |   0.4 |   0.1 |   0.2 | 429.7
           Zot |   3.9 |   3.9 |   0.7 |   0.4 |   3.9 | 545.0
         Abyss |   2.6 |   2.6 |   0.0 |   0.0 |   0.0 | 365.8
   Pandemonium |  16.6 |  16.7 |   0.0 |   0.1 |   0.7 | 509.3
      Ziggurat |   5.4 |   5.4 |   0.0 |   1.5 |   0.0 | 136.2
     Labyrinth |   0.7 |   0.7 |   0.0 |   0.0 |   0.0 | 472.0
       Ossuary |   0.6 |   0.6 |   0.0 |   0.0 |   5.1 | 432.0
        Bailey |   0.4 |   0.4 |   0.0 |   0.0 |   2.0 | 251.0
      Ice Cave |   0.8 |   0.8 |   0.0 |   0.7 |   1.3 | 536.0
               +-------+-------+-------+-------+-------+----------------------

Table legend:
 A = Kills in this place as a percentage of kills in entire the game.
 B = Kills by you in this place as a percentage of kills by you in the entire game.
 C = Kills by friends in this place as a percentage of kills by friends in the entire game.
 D = Other kills in this place as a percentage of other kills in the entire game.
 E = Experience gained in this place as a percentage of experience gained in the entire game.
 F = Experience gained in this place divided by the number of levels of this place that you have seen.
                   A       B       C       D       E      F
               +-------+-------+-------+-------+-------+----------------------
         Total | 100.0 | 100.0 | 100.0 | 100.0 | 100.0 | 29970.7
       Dungeon |   9.3 |   9.3 |   0.0 |   8.8 |   2.4 | 7444.7
        Temple |   0.1 |   0.1 |   0.0 |   0.0 |   0.0 | 319.0
          Lair |   5.4 |   5.4 |   0.0 |   0.0 |   1.8 | 10502.1
        Shoals |   2.9 |   3.0 |   0.0 |   0.0 |   2.3 | 26146.5
     Snake Pit |   3.7 |   3.6 |   0.0 |   7.0 |   3.3 | 38621.0
    Slime Pits |   1.9 |   2.0 |   0.0 |   0.0 |   2.1 | 16230.2
  Orcish Mines |   4.5 |   4.5 |   0.0 |   0.0 |   0.5 | 5748.0
   Elven Halls |   2.5 |   2.5 |   0.0 |   1.8 |   2.7 | 41579.3
        Vaults |   8.5 |   8.4 |   0.0 |  21.1 |   8.2 | 76141.6
         Crypt |   1.9 |   1.9 |   0.0 |   0.0 |   2.0 | 30643.7
          Tomb |   5.4 |   5.4 |   0.0 |   1.8 |   7.8 | 120985.0
        Depths |   6.0 |   5.9 |   0.0 |  14.0 |   7.6 | 71018.6
          Hell |   0.9 |   0.9 |   0.0 |   0.0 |   0.9 | 42301.0
           Dis |   4.0 |   4.1 |   0.0 |   0.0 |   4.3 | 28293.1
       Gehenna |   5.4 |   5.4 |   0.0 |   5.3 |   5.4 | 35743.1
       Cocytus |   3.7 |   3.7 |   0.0 |   1.8 |   4.3 | 28484.1
      Tartarus |   4.3 |   4.4 |   0.0 |   0.0 |   5.2 | 34331.6
           Zot |   3.6 |   3.6 |   0.0 |   0.0 |   9.3 | 86251.0
         Abyss |   2.5 |   2.4 |   0.0 |  19.3 |   2.1 | 19883.2
   Pandemonium |  15.1 |  15.3 |  13.3 |   3.5 |  19.8 | 39949.8
      Ziggurat |   6.8 |   6.5 |  86.7 |  15.8 |   7.8 | 12953.2
     Labyrinth |   0.0 |   0.0 |   0.0 |   0.0 |   0.0 | 1098.0
       Ossuary |   0.6 |   0.6 |   0.0 |   0.0 |   0.0 | 353.0
        Bailey |   0.5 |   0.5 |   0.0 |   0.0 |   0.0 | 1204.0
      Ice Cave |   0.6 |   0.6 |   0.0 |   0.0 |   0.2 | 9455.0
               +-------+-------+-------+-------+-------+----------------------
